Cogmind - Beta 13 @@@ ROGUE MODE // 2024.05.23 @ 04:30:40 Player: Wyvric Result: Establishing Free Derelict Territories! Performance ------------- Evolutions (9) 4500 Regions Visited (32) 6400 Robots Destroyed (392) 1960 Value Destroyed (18996) 18996 Prototype IDs (92) 1840 Alien Tech Used (13) 2600 Bonus (37986) 37986 TOTAL SCORE: 74282 Bonus ------- High Alert Combat Kills 2150 Follower Combat Kills 2437 Network Hubs Disabled 800 Met Imprinter 300 Met Zhirov 300 Met Warlord at Base 500 MAIN.C Attacked Warlord 500 Warlord Defense Kills 660 Built Enhanced Grunts 300 A7 Reached Mainframe 300 Met R17 at Cetus 500 Met R17 at Research 2000 Met Warlord at Research 2000 Destroyed MAIN.C Guards 500 Met MAIN.C 5000 Hacked MAIN.C 300 Destroyed MAIN.C Shell 5000 Destroyed MAIN.C 10000 Met Warlord at Command 2000 Win 3000 Friendly Fire -561 Cogmind --------- Core Integrity 1514/2100 Matter 298/300 Energy 693/731 System Corruption 1% Temperature Cool (59) Movement Flying (105) Ox1 Location Free Derelict Territories Parts ------- > --- POWER (3) -------- Light Antimatter Reactor Multi-Quantum Reactor > --- PROPULSION (6) --- Flying QT-Cooled Exoskeleton > --- UTILITY (11) ----- Armored Scrap Engine Experimental Coolant Injector Huge Storage Unit Experimental Targeting Computer Experimental Core Analyzer Experimental Armor Integrity Analyzer Phase Armor Graphene Brace AEGIS Remote Shield > --- WEAPON (5) ------- Heavy Machine Gun Flak Entropic Rail Construct/C > --- INVENTORY (25) --- Micro Antimatter Reactor Experimental Biometal Heavy Treads Advanced Cryofiber Web Experimental Energy Well (600) Experimental Energy Well (600) Experimental Matter Compressor (500) Advanced Kinecellerator Quantum Capacitor Advanced Force Field Advanced Component Analysis Suite Advanced System Restoration Module Long-range Tractor Beam High-powered Transdimensional Reconstructor High-powered Transdimensional Reconstructor Integrity Redistributor Spacefold Activator Cooled Nova Cannon Heavy Machine Gun Hardcell Cannon Hardcell Cannon Neutron Missile Launcher Advanced Remote Datajack Peak State ------------ > --- POWER ------------ Light Antimatter Reactor Multi-Quantum Reactor > --- PROPULSION ------- Flying QT-Cooled Exoskeleton > --- UTILITY ---------- Armored Scrap Engine Advanced Cryofiber Web Huge Storage Unit Experimental Targeting Computer Experimental Core Analyzer Experimental Armor Integrity Analyzer Phase Armor Graphene Brace Advanced Component Analysis Suite > --- WEAPON ----------- Cooled Nova Cannon Flak Entropic Rail Construct/C > --- INVENTORY -------- Micro Antimatter Reactor Experimental Biometal Heavy Treads Experimental Coolant Injector Experimental Energy Well Experimental Energy Well Experimental Matter Compressor Advanced Kinecellerator Quantum Capacitor Advanced Force Field AEGIS Remote Shield Advanced System Restoration Module Long-range Tractor Beam High-powered Transdimensional Reconstructor High-powered Transdimensional Reconstructor Integrity Redistributor Spacefold Activator Heavy Machine Gun Heavy Machine Gun Hardcell Cannon Hardcell Cannon Neutron Missile Launcher Advanced Remote Datajack [Rating: 240] Favorites ----------- Power Constructs Engine Cooled Ion Engine Power Core Light Nuclear Core Reactor Constructs Propulsion Constructs Treads Improved Treads Leg Aluminum Leg Wheel Compact Wheel Hover Unit Cooled Linear Gravjet Flight Unit Constructs Utility Huge Storage Unit Device Armored Scrap Engine Storage Huge Storage Unit Processor Advanced Signal Interpreter Hackware Ghost Barrier Protection Centrium Medium Armor Plating Artifact Spacefold Activator Weapon Constructs Energy Gun EM Pulse Gun Energy Cannon Constructs Ballistic Gun Light Assault Rifle Ballistic Cannon Hypervelocity Mass Driver Launcher Mini Grenade Launcher Special Weapon Molecular Deconstructor Impact Weapon Power Maul Slashing Weapon Greatsword Piercing Weapon Vortex Lance Build | -11 -10 -10 -9 -9 -9 -7 -7 -7 -7 -6 -6 -6 -6 -6 -6 -5 -5 -5 -5 -4 -4 -4 -4 -4 -3 -3 -3 -2 -2 -2 -1 -1 ------- Run | Yrd Mat Min Mat Sto Rec Fac Low Low Zio Pro Fac Ext Cet Arc Hub Fac Upp Upp War Pro Fac Upp Upp Zhi Pro Res Tes Res Qua Sec Acc Com Slots Evolved 18 | . . . 2 . . 4 . . . . 2 . . . . 2 . . . . 2 . . . . 2 . 2 . . 2 . Power 2 | . . . . . . . . . . . . . . . . . . . . . 1 . . . . . . . . . 1 . Propulsion 4 | . . . 1 . . 1 . . . . 1 . . . . 1 . . . . . . . . . . . 1 . . -1 . Utility 9 | . . . 1 . . 2 . . . . . . . . . 1 . . . . 1 . . . . 1 . 1 . . 2 . Weapon 3 | . . . . . . 1 . . . . 1 . . . . . . . . . . . . . . 1 . . . . . . Parts Attached 703 | 6 10 10 9 26 3 34 14 16 11 9 23 28 9 2 25 20 20 6 18 19 23 27 21 8 14 38 79 25 41 38 48 23 Power 9 | 1 1 . 1 2 . . . . . . . . . . . . . . . . 2 . . . . . . . . . 1 1 Engine 4 | 1 . . 1 2 . . . . . . . . . . . . . . . . . . . . . . . . . . . . Core 1 | . 1 . . . . . . . . . . . . . . . . . . . . . . . . . . . . . . . Reactor 4 | . . . . . . . . . . . . . . . . . . . . . 2 . . . . . . . . . 1 1 Propulsion 71 | 2 3 4 1 8 1 9 . 5 . . 6 2 . . . 1 1 . 2 2 . 1 1 2 . 6 1 10 2 . 1 . Treads 25 | . 2 2 1 7 . . . 5 . . 3 . . . . 1 1 . . . . 1 . . . . . 2 . . . . Leg 11 | 2 1 . . 1 . . . . . . . 1 . . . . . . 1 1 . . 1 2 . 1 . . . . . . Wheel 12 | . . 2 . . 1 9 . . . . . . . . . . . . . . . . . . . . . . . . . . Hover 10 | . . . . . . . . . . . . . . . . . . . . . . . . . . . 1 8 1 . . . Flight 13 | . . . . . . . . . . . 3 1 . . . . . . 1 1 . . . . . 5 . . 1 . 1 . Utility 482 | 1 4 4 2 4 1 13 8 9 7 9 14 18 6 2 22 17 12 4 9 15 16 15 14 5 10 21 74 13 37 37 41 18 Device 376 | . 2 4 1 2 1 9 7 6 4 8 10 11 4 2 12 9 7 3 8 13 12 12 11 4 10 19 62 11 34 30 32 16 Storage 4 | 1 1 . 1 . . . . . . . . . . . . . . . . . . . . . . 1 . . . . . . Processor 20 | . . . . 1 . 3 . . 1 . 1 1 . . . 3 . . . 1 . . 1 . . 1 5 . 1 . 1 . Hackware 9 | . . . . . . 1 . . . . . 1 . . 2 2 . . . . . . . . . . 1 . . . 1 1 Protection 58 | . 1 . . 1 . . 1 3 2 1 3 5 2 . 8 3 5 1 1 1 4 3 2 1 . . 6 2 2 . . . Artifact 15 | . . . . . . . . . . . . . . . . . . . . . . . . . . . . . . 7 7 1 Weapon 141 | 2 2 2 5 12 1 12 6 2 4 . 3 8 3 . 3 2 7 2 7 2 5 11 6 1 4 11 4 2 2 1 5 4 Energy Gun 23 | . 2 2 2 2 . . . 1 1 . . . . . . . . 1 . . . 3 . . . 7 1 1 . . . . Energy Cannon 17 | . . . . . . . . . . . . . . . . 1 3 . . . 1 3 1 . . . 2 . 2 1 2 1 Ballistic Gun 5 | 2 . . 1 . . . . . . . . . . . . . . . . . . . . . . . . . . . . 2 Ballistic Cannon 15 | . . . 2 5 1 . . . . . . . . . . . 2 1 1 . . . . . . 2 . 1 . . . . Launcher 31 | . . . . 3 . 5 3 1 . . 1 . . . . 1 2 . 1 1 2 3 1 1 2 . 1 . . . 3 . Special Weapon 14 | . . . . . . . . . 1 . . 4 1 . 2 . . . 2 1 2 . . . . . . . . . . 1 Impact Weapon 23 | . . . . 2 . 6 3 . 2 . 2 4 2 . 1 . . . 1 . . . . . . . . . . . . . Slashing Weapon 1 | . . . . . . 1 . . . . . . . . . . . . . . . . . . . . . . . . . . Piercing Weapon 12 | . . . . . . . . . . . . . . . . . . . 2 . . 2 4 . 2 2 . . . . . . Special Melee Weapon . | . . . . . . . . . . . . . . . . . . . . . . . . . . . . . . . . . Unidentified Prototypes 22 | . . 1 1 5 . . . . . 1 . . 1 . . 1 . . 4 1 . . . 1 . . . . 2 3 . 1 Corrupted Parts 2 | . . . . . . . . . . . . . . . . . . . . 1 . . . . . . 1 . . . . . System Corruption 13 | . . . . . . . . . . . . . . . . . . . . 6 . . . . . . 7 . . . . . Parts Lost 35 | . 1 4 1 3 . 9 2 . . . . 1 1 . 7 . . . 1 . 1 . . . . . 3 1 . . . . Power 5 | . 1 1 . . . 2 . . . . . . . . . . . . . . 1 . . . . . . . . . . . Propulsion 9 | . . . . 2 . 5 1 . . . . . . . 1 . . . . . . . . . . . . . . . . . Utility 12 | . . 1 . 1 . 2 . . . . . 1 1 . 2 . . . 1 . . . . . . . 2 1 . . . . Weapon 9 | . . 2 1 . . . 1 . . . . . . . 4 . . . . . . . . . . . 1 . . . . . Highest Loss Streak 5 | . 1 3 1 1 . 3 1 . . . . 1 1 . 5 . . . 1 . 1 . . . . . 3 1 . . . . To Critical Strikes 1 | . . . . . . . . . . . . . . . . . . . . . . . . . . . 1 . . . . . Average Slot Usage (%) 67 | . 99 96 91 97 71 71 79 83 81 75 73 54 52 51 52 61 64 65 61 61 54 56 53 56 54 53 51 59 60 59 58 57 Engine 3 | . 5 . 6 11 10 6 6 7 7 7 6 1 1 . . . . . . . 4 . . . . . . . . . . . Core 1 | . 7 12 . . . . . . . . . 1 . . . 2 5 5 4 . . 2 5 5 5 . . . . . . . Reactor 1 | . . . . . . . . . . . . 2 4 6 6 2 . . . 5 . 2 . . . 3 4 4 4 4 5 6 Treads 10 | . 6 26 33 31 14 6 . 21 30 30 18 2 6 6 6 11 10 10 5 . 2 4 . . . . 1 . . . 2 1 Leg 1 | . 21 . . . . . . . . . . . . . . . . . . . . . 4 9 10 1 1 . . . . . Wheel 2 | . . 2 . . 6 11 23 8 . . . . . . . . . . . . . . . . . . . . . . . . Flight 1 | . . . . . . . 3 . . . 6 4 . . . . . . 3 9 5 2 . . . 3 . . 3 3 . 2 Device 13 | . 11 13 17 8 11 11 14 14 17 22 15 13 13 11 12 8 10 10 11 13 13 11 9 10 12 19 12 12 12 11 14 13 Storage 6 | . 14 14 11 11 11 7 7 7 7 7 6 6 6 6 6 5 5 5 5 5 5 5 5 5 5 4 4 4 4 4 4 4 Processor 7 | . . . . 10 . 7 7 7 3 . . 1 . . . 6 11 11 8 5 10 10 14 13 10 9 14 17 17 17 16 15 Protection 1 | . 2 . . 2 . . . . . . 3 3 5 6 3 1 . . 1 2 . 3 1 . 2 . 1 . . . . . Energy Gun 1 | . 1 26 18 . 2 . . 4 . . . . . . . . 1 2 . 3 . 4 . . . 2 . . . . . . Energy Cannon 2 | . . . . . . 2 1 . 1 . 1 3 . 4 5 5 3 4 . 1 5 5 5 5 2 1 5 6 7 8 4 4 Ballistic Cannon 4 | . . . 3 20 14 1 5 7 5 7 4 2 6 1 . . 4 10 7 . . . 2 . 2 3 . 1 . . . . Impact Weapon 1 | . . . . . . 5 2 1 4 . 2 4 5 6 5 5 3 . 1 . . . . . . . . . . . . . Naked Turns . | . . . . . . . . . . . . . . . . . . . . . . . . . . . . . . . . . Heaviest Build 221 | 10 30 30 101 107 101 106 107 108 118 107 118 137 137 130 131 120 141 141 135 132 145 151 130 133 133 188 160 149 150 151 219 221 Greatest Support 255 | 20 40 40 60 60 60 48 44 97 97 97 117 172 172 172 172 217 137 217 66 157 172 165 137 147 147 218 255 205 191 186 179 219 Greatest Overweight (x) 6 | . 1 1 1 2 6 3 2 3 1 1 2 3 . . . . 1 1 2 1 1 1 1 . . 1 . . . . 1 1 Average Overweight (x) . | . . . . 1 2 2 2 1 1 1 1 . . . . . . . 1 . . . . . . . . . . . . . Largest Inventory Capacity 25 | 8 15 15 25 25 25 25 25 25 25 25 25 25 25 25 25 25 25 25 25 25 25 25 25 25 25 25 25 25 25 25 25 25 Average Capacity 24 | 6 12 15 21 25 25 25 25 25 25 25 25 25 25 25 25 25 25 25 25 25 25 25 25 25 25 25 25 25 25 25 25 25 Most Carried 25 | 6 15 15 20 25 25 25 25 25 25 25 25 25 25 25 25 25 25 25 25 25 25 25 25 25 25 25 25 25 25 25 25 25 Average Carried 23 | 3 11 14 13 24 21 22 24 24 24 24 24 23 24 24 24 24 24 24 23 24 24 24 24 24 24 24 24 23 24 24 24 22 Final Capacity 25 | 8 15 15 25 25 25 25 25 25 25 25 25 25 25 25 25 25 25 25 25 25 25 25 25 25 25 25 25 25 25 25 25 25 Final Carried 25 | 6 15 13 20 25 22 24 25 25 25 25 24 25 25 25 24 25 24 22 24 25 25 25 23 25 25 25 25 25 25 25 25 24 Scrap Engine Consumption 499 | . . . . . 41 44 8 17 17 2 18 40 12 12 2 15 13 7 35 8 13 10 28 3 3 52 54 12 5 4 17 7 Constructs Created 10 | . . . . . 3 1 2 . . . 1 . . . 1 . . . . . . 1 . . . . . . . . 1 . Constructs Modified 212 | . . . . . 14 18 1 1 12 . 8 20 5 5 1 6 6 4 10 10 4 6 14 2 1 24 25 2 . 1 7 5 Class Distribution -------------------- 56% | Construct 7% | Mutant 7% | Trapper-Mutant 7% | Commander-Construct 5% | Trapper-Construct 4% | Trapper-Gunner 3% | Hacker-Construct Dominant Class ---------------- Mutant | -10/Materials Mutant | -10/Mines Mutant | -9/Materials Mutant | -9/Storage Construct | -9/Recycling Construct | -7/Factory Trapper-Gunner | -7/Lower Caves Trapper-Gunner | -7/Lower Caves Trapper-Mutant | -7/Zion Trapper-Construct | -6/Proximity Caves Construct | -6/Factory Commander-Construct | -6/Extension Commander-Construct | -6/Cetus Commander-Construct | -6/Archives Commander-Construct | -6/Hub_04(d) Construct | -5/Factory Construct | -5/Upper Caves Construct | -5/Upper Caves Construct | -5/Warlord Construct | -4/Proximity Caves Construct | -4/Factory Construct | -4/Upper Caves Construct | -4/Upper Caves Construct | -4/Zhirov Construct | -3/Proximity Caves Construct | -3/Research Construct | -3/Testing Scavenger-Construct | -2/Research Construct | -2/Quarantine Construct | -2/Section 7 Hacker-Construct | -1/Access Hacker-Construct | -1/Command Resources | -11 -10 -10 -9 -9 -9 -7 -7 -7 -7 -6 -6 -6 -6 -6 -6 -5 -5 -5 -5 -4 -4 -4 -4 -4 -3 -3 -3 -2 -2 -2 -1 -1 ----------- Run | Yrd Mat Min Mat Sto Rec Fac Low Low Zio Pro Fac Ext Cet Arc Hub Fac Upp Upp War Pro Fac Upp Upp Zhi Pro Res Tes Res Qua Sec Acc Com Matter Collected 12763 | 170 245 75 152 616 381 419 358 431 128 90 132 726 176 232 445 140 634 134 225 169 200 593 454 . 600 576 1419 719 339 751 677 357 Remotely 878 | . . . . . . . . . . . . . . . . . . . . . . 3 . . 214 . 222 439 . . . . Salvage Created 18388 | . 534 149 308 590 929 1465 274 224 . . 46 1093 276 389 290 477 640 180 213 552 424 655 480 . 574 689 1838 1106 165 675 1481 1672 Parts 818 | . 30 11 15 48 29 62 11 17 . . . 39 14 27 17 23 10 6 4 15 12 22 20 . 14 20 112 34 6 49 91 60 Haulers Intercepted 5 | . . . 1 . . . . . . . . . . . . . . . . . 2 . . . . . . 2 . . . . Recyclers Shooed 10 | . 2 . 1 . 6 . . . . . . 1 . . . . . . . . . . . . . . . . . . . . Parts Field Recycled . | . . . . . . . . . . . . . . . . . . . . . . . . . . . . . . . . . Retrieved Matter . | . . . . . . . . . . . . . . . . . . . . . . . . . . . . . . . . . Parts Self-Destructed 93 | . . . . . . . 4 17 . 14 . . . . . . 9 10 . 9 . 13 12 . 5 . . . . . . . Prevented 9 | . . . . . . . . . . . . . . . . . . . . . . 3 6 . . . . . . . . . Kills | -11 -10 -10 -9 -9 -9 -7 -7 -7 -7 -6 -6 -6 -6 -6 -6 -5 -5 -5 -5 -4 -4 -4 -4 -4 -3 -3 -3 -2 -2 -2 -1 -1 ------- Run | Yrd Mat Min Mat Sto Rec Fac Low Low Zio Pro Fac Ext Cet Arc Hub Fac Upp Upp War Pro Fac Upp Upp Zhi Pro Res Tes Res Qua Sec Acc Com Combat Hostiles Destroyed 300 | . 11 5 5 24 2 29 5 4 . . 2 17 4 3 6 10 15 3 5 17 7 10 9 . 10 9 28 6 . 7 24 23 Melee 20 | . . . . . . 5 . . . . . 1 . . 2 1 2 . . 3 . . . . . 4 2 . . . . . Guns 21 | . 11 4 2 . . 3 . . . . . . . . . . . . . 1 . . . . . . . . . . . . Cannons 155 | . . . 2 21 2 1 1 4 . . . 12 4 3 4 3 7 3 2 . 1 2 4 . 2 5 23 5 . 7 18 19 AOE 82 | . . . 1 3 . 12 4 . . . 2 . . . . 5 6 . 3 12 3 7 3 . 8 . 3 . . . 6 4 Classes Destroyed 27 | . 5 . 3 4 . 3 1 1 . . . . . . 1 . . . . . . . 1 . 1 1 2 2 . . 2 . Worker 19 | . 1 . . 3 . 6 . . . . . . . . 1 . . . . . . . . . . 1 2 2 . . 2 1 Builder 13 | . . . . 1 1 2 . . . . . . . . . 1 . . . . . . . . . . 3 2 . 1 2 . Tunneler 3 | . . . . . . 2 . . . . . . . . . 1 . . . . . . . . . . . . . . . . Hauler 5 | . . . 1 . . . . . . . . . . . . . . . . . 2 . . . . . . 2 . . . . Recycler 16 | . 1 . 1 . 11 1 . . . . . 1 . . . . . . . . . . . . . . . . 1 . . . Minesweeper 2 | . . . . . . . 1 . . . . . . . . . 1 . . . . . . . . . . . . . . . Mechanic 1 | . . . . . . . . . . . . . . . . . . . . . . . . . . . . 1 . . . . Operator 13 | . . . 1 . . . . . . . . . . 5 1 . . . . . . . . . . . 2 1 . 2 1 . Drone 2 | . . . . . . . . . . . . . . . . . . . . . . . . . 2 . . . . . . . Watcher 17 | . 1 . . 1 . 2 . . . . . . . . 1 1 . . . . . . . . . . 2 2 1 3 3 . Swarmer 58 | . 3 3 . 4 . 3 3 . . . . 4 . . 2 6 . . . 5 . 5 2 . . . . . . . 6 12 Cutter 4 | . . . . . . . . . . . . . . . . . . . . . . . . . . . . . . . 4 . Saboteur 1 | . . . . . . . . . . . . . . . . . . . . . . . . . . . . . . . 1 . Grunt 94 | . 8 2 4 8 . 14 2 2 . . . 5 . . 1 . 10 3 1 6 4 3 4 . 3 3 5 2 . . . 4 Brawler 6 | . . . . 1 . . . . . . . . . . . 1 1 . 1 . . 1 . . . . 1 . . . . . Duelist 12 | . . . . 2 . 3 . . . . . 1 . . 1 1 3 . . . . 1 . . . . . . . . . . Protector 2 | . . . . 2 . . . . . . . . . . . . . . . . . . . . . . . . . . . . Researcher 1 | . . . . . . . . . . . . . . . . . . . . . . . . . . . 1 . . . . . Sentry 42 | . . . 1 7 2 5 . . . . . 7 . 3 1 2 1 . . 1 . . 1 . . 4 . . . 2 4 1 Specialist 6 | . . . . . . . . . . . . . . . 1 . . . . 2 . . . . . . 3 . . . . . Hunter 27 | . . . . . . 2 . . . . 2 . . . . . . . . 2 . . 1 . 4 1 9 2 . . 4 . Programmer 30 | . . . . . . 2 . 1 . . . . . . . . . . 3 1 3 . . . 1 . 7 . . 5 5 2 Behemoth 3 | . . . . . . . . 1 . . . . . . . . . . . . . . . . . . . 2 . . . . Cetus Guard 4 | . . . . . . . . . . . . . 4 . . . . . . . . . . . . . . . . . . . Combat Programmer 2 | . . . . . . . . . . . . . . . . . . . . . . . . . . . . . . . . 2 Striker 3 | . . . . . . . . . . . . . . . . . . . . . . . . . . 1 2 . . . . . Alpha 7 1 | . . . . . . . . . . . . . . . . . . . . . . . . . . . 1 . . . . . Thug 1 | . . . . . . . . . . . . . . . . . . . . . . . . . 1 . . . . . . . Martyr 1 | . . . . . . . . . . . . . . . . . . . . . . . . . . . . 1 . . . . Mutant 1 | . . . . . . . . . . . . . . . . . . . . . . . 1 . . . . . . . . . Best Kill Streak 11 | . 4 3 4 7 7 8 3 2 . . 2 4 2 4 2 5 4 3 3 10 5 5 4 . 5 3 7 6 1 5 6 11 Combat Bots Only 11 | . 3 3 1 6 1 5 3 2 . . 2 4 2 3 2 5 4 3 3 10 4 5 4 . 5 3 5 3 . 3 6 11 Max Kills in Single Turn 6 | . 1 1 2 2 1 5 1 1 . . 1 1 1 1 1 3 1 1 3 5 3 4 3 . 2 1 2 4 1 2 6 5 Gunslinging . | . . . . . . . . . . . . . . . . . . . . . . . . . . . . . . . . . Exploded 6 | . . . 1 1 . 3 1 . . . 1 . . . . 3 1 . 3 5 3 4 3 . 2 . 2 . . . 6 4 Melee 1 | . . . . . . 1 . . . . . 1 . . 1 1 1 . . 1 . . . . . 1 1 . . . . . Uniques/NPCs Destroyed 2 | . . . . . . . . . . . . . . . . . . . . . . . . . . . . . . . . 2 MAIN.C Shell (-1/Command) MAIN.C (-1/Command) Combat | -11 -10 -10 -9 -9 -9 -7 -7 -7 -7 -6 -6 -6 -6 -6 -6 -5 -5 -5 -5 -4 -4 -4 -4 -4 -3 -3 -3 -2 -2 -2 -1 -1 -------- Run | Yrd Mat Min Mat Sto Rec Fac Low Low Zio Pro Fac Ext Cet Arc Hub Fac Upp Upp War Pro Fac Upp Upp Zhi Pro Res Tes Res Qua Sec Acc Com Hostile Shots Fired 2310 | . 56 33 22 67 16 393 28 21 . . 29 335 41 8 174 29 63 6 140 55 66 26 51 . 54 67 214 28 22 80 126 60 Missed 779 | . 15 5 7 16 3 147 11 7 . . 5 110 11 2 61 10 13 . 42 21 25 10 19 . 15 24 71 18 7 40 49 15 Damage Taken 27535 | . 500 446 209 952 199 2691 223 230 . 31 653 2046 671 140 2894 346 1071 115 1453 772 738 430 427 . 899 854 2611 324 303 1254 2140 1913 Core 4332 | . 132 86 24 152 30 586 49 25 . 31 51 295 54 . 236 20 37 39 255 . 40 48 . . 20 40 156 14 69 732 858 253 Absorbed by Shields 3297 | . . . . . . 143 . . . . . 296 244 . . . . . 689 . 95 . . . . 292 624 120 95 137 535 27 Reduced by Siege Mode 10 | . . . . . . . . . . . . . . . . . 10 . . . . . . . . . . . . . . . Redirected to Core 182 | . . . . . . . . . . . . . . . . . . . . . . . . . . . . . . . 35 147 Redirected to Shielding 9 | . 9 . . . . . . . . . . . . . . . . . . . . . . . . . . . . . . . Ignored by Resistances 209 | . . . . . . . . . . . . . . . . . . . . . . . . . . . . . . 12 129 68 Regen/Repaired (Parts) 12477 | . . . . . 44 425 187 300 527 . 195 1036 82 255 30 789 524 37 468 322 656 515 450 49 230 1221 1778 64 27 89 1292 885 Core Remaining (%) 54 | 100 . 12 . . 48 . . . . 1 . . . . 25 . . . . 64 . . . . 90 . 84 . . 53 . 72 Volleys Fired 946 | . 45 14 18 41 50 47 26 28 . 4 7 74 13 16 20 16 45 20 6 40 24 27 21 . 17 34 78 21 36 55 68 35 Largest 4 | . 2 2 2 2 2 1 2 1 . 1 1 1 1 1 1 1 2 4 2 1 1 1 1 . 1 1 1 1 1 1 1 1 Hottest 377 | . 40 80 88 88 64 48 84 144 . 267 267 159 120 274 177 75 132 313 141 102 204 204 204 . 283 377 130 130 130 130 271 271 Shots Fired 1118 | . 90 28 36 82 72 48 28 28 . 4 8 73 13 16 20 16 61 26 11 40 24 29 21 . 17 34 78 21 36 55 68 35 Gun 225 | . 90 28 30 . 15 10 . . . . . . . . . . . 15 . 30 . 2 . . . 5 . . . . . . Cannon 747 | . . . 6 76 57 20 20 28 . 4 1 44 13 16 20 14 49 11 10 . 1 20 18 . 8 29 72 21 36 55 65 33 Launcher 89 | . . . . 6 . 18 8 . . . 7 . . . . 2 12 . 1 5 1 7 3 . 9 . 6 . . . 3 1 Special 57 | . . . . . . . . . . . . 29 . . . . . . . 5 22 . . . . . . . . . . 1 Kinetic 425 | . 90 . 6 76 64 27 7 . . 4 1 22 13 7 . . 32 8 10 . . . 2 . . 22 26 3 . . 5 . Thermal 390 | . . . . . 8 1 13 28 . . . 22 . 9 20 . . 18 . 30 1 11 1 . 8 6 27 18 36 55 60 18 Explosive 82 | . . . . 6 . 18 8 . . . 7 . . . . 2 12 . . . . 7 3 . 9 . 6 . . . 3 1 Electromagnetic 117 | . . 28 30 . . 2 . . . . . . . . . 14 17 . . . . 11 15 . . . . . . . . . Entropic 47 | . . . . . . . . . . . . . . . . . . . 1 5 1 . . . . 6 19 . . . . 15 Robot Hit Streak 31 | . 25 7 12 14 13 11 12 3 . . 5 18 13 15 9 8 10 12 5 5 9 11 18 . 7 15 31 9 13 13 12 8 Robot Miss Streak 7 | . 3 3 3 6 4 3 3 1 . . 1 4 3 4 1 2 3 2 1 1 1 1 1 . 1 1 2 2 2 3 6 7 Penetration Max 1 | . . . . . . . . . . . . 1 1 . . . 1 1 . . . . . . . . 1 . . . . . Secondary Targets . | . . . . . . . . . . . . . . . . . . . . . . . . . . . . . . . . . Capacitor 4 | . . . . . . . . . . . . . . . . . . . . . . . . . . . . . . . . 4 Shots Hit Robots 780 | . 65 17 27 64 58 76 13 7 . . 5 76 13 13 14 15 38 5 9 19 12 17 18 . 23 25 64 13 9 11 23 31 Core Hits 670 | . 33 6 14 90 52 59 13 4 . . 4 17 21 12 8 15 28 3 6 18 8 19 14 . 28 9 36 22 17 14 42 58 Critical Kills 9 | . 1 . . . . 1 . . . . . . . . . 1 2 3 . . . . . . . . . . . 1 . . Critical Parts Destroyed 18 | . . . . . . 4 1 . . . . 2 . . 1 1 8 1 . . . . . . . . . . . . . . Critical Strikes 40 | . 1 . . . . 5 1 . . . . 2 . . 1 2 11 4 . 1 . 1 . . 7 1 1 1 . 1 . . Destroy 19 | . 1 . . . . 1 1 . . . . . . . . . 10 4 . . . . . . . . . 1 . 1 . . Corrupt 1 | . . . . . . . . . . . . . . . . . . . . . . 1 . . . . . . . . . . Smash 10 | . . . . . . 4 . . . . . 2 . . 1 2 1 . . . . . . . . . . . . . . . Sunder 10 | . . . . . . . . . . . . . . . . . . . . 1 . . . . 7 1 1 . . . . . Melee Attacks 177 | . . . . 3 . 61 . 1 . . 6 26 . . 11 12 5 . 2 13 . . . . 14 8 15 . . . . . Impact 123 | . . . . 3 . 59 . 1 . . 6 26 . . 11 12 5 . . . . . . . . . . . . . . . Slashing 2 | . . . . . . 2 . . . . . . . . . . . . . . . . . . . . . . . . . . Piercing 9 | . . . . . . . . . . . . . . . . . . . 2 7 . . . . . . . . . . . . Entropic 43 | . . . . . . . . . . . . . . . . . . . . 6 . . . . 14 8 15 . . . . . Sneak Attacks 12 | . . . . . . 5 . . . . . 2 . . 1 2 . . . 1 . . . . . 1 . . . . . . Combat Hostiles 2 | . . . . . . . . . . . . 1 . . . . . . . 1 . . . . . . . . . . . . Follow-up Attacks . | . . . . . . . . . . . . . . . . . . . . . . . . . . . . . . . . . Damage Inflicted 60641 | . 541 305 647 1924 867 3705 1174 448 . 8 456 3289 1160 829 1172 958 1918 196 994 3133 778 1652 1226 . 4194 3532 8279 3033 657 1840 4831 6895 Guns 1498 | . 531 230 295 . 180 84 . . . . . . . . . . . . . 178 . . . . . . . . . . . . Cannons 37039 | . . . 120 1392 686 477 410 448 . . 54 2459 1160 829 896 296 615 196 238 . 46 454 595 . 497 2961 6548 3032 657 1840 3872 6261 Explosions 14603 | . . 41 231 530 . 1459 764 . . . 402 . . . . 368 1157 . 682 2405 732 1198 631 . 1512 . 1061 1 . . 795 634 Melee 6884 | . . . . . . 1685 . . . . . 754 . . 171 294 106 . 74 550 . . . . 2185 561 504 . . . . . Ramming 617 | . 10 34 1 2 1 . . . . 8 . 76 . . 105 . 40 . . . . . . . . 10 166 . . . 164 . Kinetic 12065 | . 531 . 120 1392 774 507 160 . . . 54 1186 1160 428 . . 382 104 238 . . . 103 . . 2027 2477 . . . 422 . Thermal 17880 | . . 41 231 . 92 19 250 448 . . . 1273 . 401 896 . . 92 . 178 46 124 . . 661 656 1521 3032 657 1840 3450 1972 Explosive 10184 | . . . . 530 . 1382 764 . . . 402 . . . . 368 1157 . . . . 1198 631 . 1348 . 1061 1 . . 795 547 Electromagnetic 2086 | . . 230 295 . . 112 . . . . . . . . . 296 233 . . . 98 330 492 . . . . . . . . . Impact 2896 | . . . . . . 1571 . . . . . 754 . . 171 294 106 . . . . . . . . . . . . . . . Slashing 114 | . . . . . . 114 . . . . . . . . . . . . . . . . . . . . . . . . . . Piercing 74 | . . . . . . . . . . . . . . . . . . . 74 . . . . . . . . . . . . . Entropic 14725 | . . . . . . . . . . . . . . . . . . . 682 2955 634 . . . 2185 839 3054 . . . . 4376 Highest Corruption 11 | . . 4 . 1 1 2 2 2 2 . 2 2 2 2 9 . . . 4 6 5 5 5 6 7 . 11 . . . 4 1 Average Corruption 2 | . . 4 . 1 1 1 2 2 2 . 2 2 2 1 3 . . . 2 6 2 5 5 6 6 . 1 . . . 2 1 Corruption Purged 13 | . . . . . . . . . . . . . . 2 . . . . 4 . 3 . . . . . . . . . 4 . Corruption Blocked . | . . . . . . . . . . . . . . . . . . . . . . . . . . . . . . . . . Effects 234 | . . 8 . 5 13 18 15 24 6 . 4 13 2 . 1 . . . . . 8 47 2 1 29 . 26 . . . 11 1 Message Errors 50 | . . . . 1 4 4 4 7 1 . . 4 . . . . . . . . . 8 . . 5 . 7 . . . 5 . Matter Fused 60 | . . 3 . . 3 3 3 4 3 . 1 2 1 . . . . . . . 2 17 . . 10 . 6 . . . 2 . Heat Flow Errors 31 | . . 2 . 1 2 3 2 1 1 . 1 2 . . . . . . . . 2 4 . . 4 . 4 . . . 1 1 Energy Discharges 40 | . . 2 . 2 . 3 1 5 . . . 2 . . . . . . . . 2 11 1 . 4 . 5 . . . 2 . Parts Rejected 2 | . . . . . . 1 . . . . . . . . 1 . . . . . . . . . . . . . . . . . Parts Fused 2 | . . . . . . . . 2 . . . . . . . . . . . . . . . . . . . . . . . . Data Loss (minor) 27 | . . . . 1 3 2 4 3 1 . 1 2 . . . . . . . . . 1 1 1 3 . 3 . . . 1 . Data Loss (major) 14 | . . 1 . . . 1 . 2 . . . . 1 . . . . . . . 2 3 . . 3 . 1 . . . . . Misfires 6 | . . . . . 1 1 1 . . . 1 . . . . . . . . . . 2 . . . . . . . . . . Alerts 1 | . . . . . . . . . . . . . . . . . . . . . . 1 . . . . . . . . . . Weapon Failures 1 | . . . . . . . . . . . . 1 . . . . . . . . . . . . . . . . . . . . Overload Shots 4 | . . . . . . . . 1 . . . . . . . . . . . . . . . . . . . . . . . 3 Overflow Damage 5109 | . . . 23 22 . 479 120 22 . . 38 376 . . 130 219 110 7 133 137 8 78 4 . 721 583 959 360 11 185 259 125 Projectiles 2568 | . . . 3 . . 2 52 22 . . . 94 . . 37 . 49 7 . . . . 4 . 159 440 789 360 11 185 231 123 Explosions 682 | . . . 20 22 . 49 68 . . . 38 . . . . . 2 . 133 121 8 78 . . 11 . 111 . . . 19 2 Melee 1859 | . . . . . . 428 . . . . . 282 . . 93 219 59 . . 16 . . . . 551 143 59 . . . 9 . Knockbacks 117 | . . . 5 23 24 10 2 . . . . 7 3 . 4 1 9 . 1 . . . . . . 7 19 . . . 2 . Impact 22 | . . . . . . 9 . . . . . 4 . . 3 1 . . . . . . . . . . 4 . . . 1 . Kinetic 92 | . . . 5 23 24 1 2 . . . . 2 3 . . . 9 . 1 . . . . . . 7 14 . . . 1 . Secondary 3 | . . . . . . . . . . . . 1 . . 1 . . . . . . . . . . . 1 . . . . . Self-Inflicted Damage 1150 | . . 41 40 76 . 396 . . . . 96 . . . . . 60 . . 137 . 37 . . 72 . . 87 . . 60 48 Shots 26 | . . 1 1 3 . 10 . . . . 2 . . . . . 3 . . 1 . 1 . . 1 . . 1 . . 1 1 Rammed 20 | . . 5 . 1 1 . . . . 1 . 1 . . 3 . 1 . . . . . . . . . 5 . . . 2 . Targets Rammed 30 | . 2 5 1 1 1 . . . . 1 . 1 . . 5 . 2 . . . . . . . . 1 8 . . . 2 . Kicked 4 | . 2 . . . . . . . . . . . . . . . . . . . . . . . . 1 1 . . . . . Crushed 6 | . . . 1 . . . . . . . . . . . 2 . 1 . . . . . . . . . 2 . . . . . Highest Temperature 464 | . 44 271 15 242 183 188 169 186 118 208 254 464 248 228 269 102 282 237 89 222 170 296 171 . 314 300 242 145 78 136 328 420 Average Temperature 84 | . 10 100 7 31 42 68 80 75 61 115 119 125 126 99 112 33 93 81 44 85 90 90 42 . 127 103 63 60 48 37 71 158 Received Heat Transfer 4562 | . 291 45 87 249 90 642 39 111 . 12 . 847 116 27 360 63 441 36 315 30 38 66 57 . 69 70 102 8 53 71 110 117 Effects 10 | . . . . . . . . . . . . . . 1 1 . 4 . . . . . . . 1 . . . . . 2 1 Energy Bleed 2 | . . . . . . . . . . . . . . . 1 . 1 . . . . . . . . . . . . . . . Interference 8 | . . . . . . . . . . . . . . 1 . . 3 . . . . . . . 1 . . . . . 2 1 Siege Activations 2 | . . . . . . . . . . . . . . . . . 1 1 . . . . . . . . . . . . . . Total Turns 29 | . . . . . . . . . . . . . . . . . 18 11 . . . . . . . . . . . . . . Longest Duration 18 | . . . . . . . . . . . . . . . . . 18 11 . . . . . . . . . . . . . . Robots Corrupted 6 | . . 1 . . . . . . . . . . . . . 1 1 . . . . 1 2 . . . . . . . . . Combat Hostiles 5 | . . 1 . . . . . . . . . . . . . 1 . . . . . 1 2 . . . . . . . . . Parts Fried 36 | . . 1 1 . . 14 . . . . . 4 . . . 7 . . . . . . 8 . . . 1 . . . . . Impact Corruptions 47 | . . . . . . 20 . . . . . 14 . . 4 5 1 . . . . . . . . . 2 . . . 1 . Robots Melted 1 | . . . . . . . . . . . . . . . . . . . . . . . . . . . . 1 . . . . Combat Hostiles 1 | . . . . . . . . . . . . . . . . . . . . . . . . . . . . 1 . . . . Parts Melted 20 | . . . . . . . . . . . . 2 . 1 . . . . . . . . 1 . 1 . 1 4 . 1 6 3 Heat Transferred 10590 | . . 50 200 . . 50 185 272 . . . 712 . 296 518 . . 74 . 350 37 111 . . 460 222 609 1702 692 999 1887 1164 Parts Sabotaged . | . . . . . . . . . . . . . . . . . . . . . . . . . . . . . . . . . Parts Stolen . | . . . . . . . . . . . . . . . . . . . . . . . . . . . . . . . . . Parts Stripped . | . . . . . . . . . . . . . . . . . . . . . . . . . . . . . . . . . Power Chain Reactions 7 | . . 1 3 . . . . . . . . . . . . . . . . . . 1 . . . . . . . . . 2 Alert | -11 -10 -10 -9 -9 -9 -7 -7 -7 -7 -6 -6 -6 -6 -6 -6 -5 -5 -5 -5 -4 -4 -4 -4 -4 -3 -3 -3 -2 -2 -2 -1 -1 ------- Run | Yrd Mat Min Mat Sto Rec Fac Low Low Zio Pro Fac Ext Cet Arc Hub Fac Upp Upp War Pro Fac Upp Upp Zhi Pro Res Tes Res Qua Sec Acc Com Peak Influence 1271 | . 333 135 145 582 194 716 . . . . 229 519 551 515 1196 658 . . . . 246 . . . . 177 629 726 484 500 1082 1271 Initial 585 | . . 19 11 59 183 400 . . . . 150 . 290 220 57 585 . . . . . . . . . . 49 318 408 56 144 485 Average 283 | . 159 71 65 308 44 487 . . . . 98 205 466 326 735 378 . . . . 97 . . . . 59 318 447 271 245 643 992 Maximum Alert Level 4 | . 1 . . 2 . 3 . . . . 1 2 2 2 4 2 . . . . 1 . . . . . 2 3 2 2 3 4 Low Security (%) 48 | 100 82 100 100 29 100 . . . . . 95 54 . 28 12 12 . . . . 70 . . . . 100 30 . 36 44 7 . Level 1 20 | . 17 . . 44 . 19 . . . . 4 33 6 37 14 53 . . . . 29 . . . . . 26 55 38 33 13 . Level 2 23 | . . . . 26 . 79 . . . . . 11 93 34 16 34 . . . . . . . . . . 43 37 25 22 21 11 Level 3 5 | . . . . . . . . . . . . . . . 44 . . . . . . . . . . . . 7 . . 56 55 Level 4 1 | . . . . . . . . . . . . . . . 13 . . . . . . . . . . . . . . . . 32 Level 5 . | . . . . . . . . . . . . . . . . . . . . . . . . . . . . . . . . . High Security . | . . . . . . . . . . . . . . . . . . . . . . . . . . . . . . . . . Max Security . | . . . . . . . . . . . . . . . . . . . . . . . . . . . . . . . . . Squads Dispatched 77 | . 2 . 2 5 . 17 . . . . 4 1 . . 10 . . . . . 3 . . . . 7 6 1 4 3 7 5 Investigation 18 | . 1 . 1 1 . 3 . . . . 1 1 . . 2 . . . . . 1 . . . . 5 1 . . . . 1 Extermination 17 | . . . . . . 3 . . . . 2 . . . . . . . . . 1 . . . . . 4 . 2 2 2 1 Reinforcement 26 | . 1 . 1 2 . 4 . . . . 1 . . . 6 . . . . . 1 . . . . 2 1 1 2 . 3 1 Assault 9 | . . . . 2 . 1 . . . . . . . . 1 . . . . . . . . . . . . . . 1 2 2 Garrison 7 | . . . . . . 6 . . . . . . . . 1 . . . . . . . . . . . . . . . . . Intercept . | . . . . . . . . . . . . . . . . . . . . . . . . . . . . . . . . . Searches Triggered 1 | . . . . . . 1 . . . . . . . . . . . . . . . . . . . . . . . . . . Construction Impeded 1 | . . . . . . . . . . . . . . . . . . . . . . . . . . . . 1 . . . . Haulers Reinforced 3 | . . . . . . . . . . . . . . . 1 . . . . . 1 . . . . . . . . . 1 . Active Scanning Responses . | . . . . . . . . . . . . . . . . . . . . . . . . . . . . . . . . . Cargo Convoy Interrupts . | . . . . . . . . . . . . . . . . . . . . . . . . . . . . . . . . . Stealth | -11 -10 -10 -9 -9 -9 -7 -7 -7 -7 -6 -6 -6 -6 -6 -6 -5 -5 -5 -5 -4 -4 -4 -4 -4 -3 -3 -3 -2 -2 -2 -1 -1 --------- Run | Yrd Mat Min Mat Sto Rec Fac Low Low Zio Pro Fac Ext Cet Arc Hub Fac Upp Upp War Pro Fac Upp Upp Zhi Pro Res Tes Res Qua Sec Acc Com Distress Signals 54 | . 3 2 2 4 . 5 . . . . . 2 2 . 1 1 . . . . . . . . . 4 3 11 1 3 3 7 Communications Jammed . | . . . . . . . . . . . . . . . . . . . . . . . . . . . . . . . . . Distress Signals . | . . . . . . . . . . . . . . . . . . . . . . . . . . . . . . . . . Times Spotted 663 | . 20 7 14 32 2 43 8 3 . 4 6 29 10 8 59 26 16 5 51 21 14 7 16 . 8 23 44 19 14 48 72 34 Peak Tracking Total 21 | . 5 3 4 5 1 8 3 2 . 2 3 8 5 2 21 6 6 4 12 5 7 5 4 . 3 6 7 7 6 7 11 14 Tactical Retreats 67 | . 1 1 4 2 . . 3 . . . . . . . 6 4 2 . . 6 1 . . . . 2 3 2 4 12 10 4 Traps | -11 -10 -10 -9 -9 -9 -7 -7 -7 -7 -6 -6 -6 -6 -6 -6 -5 -5 -5 -5 -4 -4 -4 -4 -4 -3 -3 -3 -2 -2 -2 -1 -1 ------- Run | Yrd Mat Min Mat Sto Rec Fac Low Low Zio Pro Fac Ext Cet Arc Hub Fac Upp Upp War Pro Fac Upp Upp Zhi Pro Res Tes Res Qua Sec Acc Com Traps Triggered 16 | . 1 . . 2 . 2 . . . . 1 1 . . 2 1 . . . . . . . . . 1 2 . . . 2 1 Indirectly . | . . . . . . . . . . . . . . . . . . . . . . . . . . . . . . . . . Trap Hack Attempts . | . . . . . . . . . . . . . . . . . . . . . . . . . . . . . . . . . Triggered . | . . . . . . . . . . . . . . . . . . . . . . . . . . . . . . . . . Disarmed . | . . . . . . . . . . . . . . . . . . . . . . . . . . . . . . . . . Reprogrammed 6 | . . . . . . . . . . . . . . . . . . . . . . . . . . . . . . 6 . . Reused 1 | . . . . . . . . . . . . . . . . . . . . . . . . . . . . . . 1 . . Traps Extracted 1 | . . . . . . . . 1 . . . . . . . . . . . . . . . . . . . . . . . . Installed 9 | . . . . . . . . 1 . . 4 . . . 4 . . . . . . . . . . . . . . . . . Triggered 11 | . . . . . . . . . . . . . . . . . . . 10 . . . . . . . . . . 1 . . Most Traps Carried 9 | . . . . . . . 9 9 8 8 8 4 4 4 4 . . . . . . . . . . . . . . . . . Machines | -11 -10 -10 -9 -9 -9 -7 -7 -7 -7 -6 -6 -6 -6 -6 -6 -5 -5 -5 -5 -4 -4 -4 -4 -4 -3 -3 -3 -2 -2 -2 -1 -1 ---------- Run | Yrd Mat Min Mat Sto Rec Fac Low Low Zio Pro Fac Ext Cet Arc Hub Fac Upp Upp War Pro Fac Upp Upp Zhi Pro Res Tes Res Qua Sec Acc Com Machines Disabled 66 | . . . . 2 . 6 . . . . 1 2 . 2 8 . . . 1 1 4 . 1 . 1 1 10 7 5 6 5 3 Max in Single Turn 3 | . . . . 1 . 3 . . . . 1 1 . 1 2 . . . 1 1 2 . 1 . 1 1 2 1 1 1 1 1 Garrison Access 5 | . . . . . . . . . . . . . . . 1 1 . . . . 1 . . . . . 1 . . . 1 . Network Hub 4 | . . . . . . . . . . . . . . . 4 . . . . . . . . . . . . . . . . . Machines Repaired . | . . . . . . . . . . . . . . . . . . . . . . . . . . . . . . . . . Machines Dismantled 3 | . . . . . . . . . . . . . 1 . 1 . . . 1 . . . . . . . . . . . . . Machines Sabotaged 1 | . . . . . . . . . . . . . . . 1 . . . . . . . . . . . . . . . . . Overloaded Fab Kills . | . . . . . . . . . . . . . . . . . . . . . . . . . . . . . . . . . Hacking | -11 -10 -10 -9 -9 -9 -7 -7 -7 -7 -6 -6 -6 -6 -6 -6 -5 -5 -5 -5 -4 -4 -4 -4 -4 -3 -3 -3 -2 -2 -2 -1 -1 --------- Run | Yrd Mat Min Mat Sto Rec Fac Low Low Zio Pro Fac Ext Cet Arc Hub Fac Upp Upp War Pro Fac Upp Upp Zhi Pro Res Tes Res Qua Sec Acc Com Machines Accessed 111 | . 6 . 3 8 10 13 2 1 . . 2 7 . . 3 4 1 . 1 . 5 1 2 6 . 1 11 . 3 8 8 5 Terminals 68 | . 5 . 3 8 6 8 1 . . . 1 7 . . 2 2 . . . . 2 . 1 . . 1 7 . 1 5 4 4 Fabricators 3 | . . . . . . . . . . . . . . . . . . . . . 1 . . . . . 1 . . . 1 . Repair Stations 4 | . . . . . . 1 . . . . . . . . . 1 . . . . 1 . . . . . 1 . . . . . Recycling Units 9 | . 1 . . . 4 1 . . . . . . . . . . . . . . . . . . . . . . . . 2 1 Scanalyzers 6 | . . . . . . 1 . . . . 1 . . . . . . . . . . . . . . . 1 . 1 2 . . Garrison Access 9 | . . . . . . 2 . . . . . . . . 1 1 . . . . 1 . . . . . 1 . 1 1 1 . Total Hacks 461 | . 15 . 7 25 31 29 2 1 . . 8 12 . . 10 18 1 . 1 . 22 1 2 19 . 3 95 . 42 44 36 37 Successful 205 | . 8 . 1 16 17 5 2 1 . . 7 4 . . 7 8 1 . 1 . 11 1 2 19 . 2 41 . 15 19 8 9 Failed 254 | . 6 . 6 8 14 24 . . . . 1 8 . . 3 10 . . . . 11 . . . . 1 54 . 27 25 28 28 Catastrophic 57 | . . . 3 1 1 6 . . . . . 2 . . 1 4 . . . . 1 . . . . 1 10 . 3 6 11 7 Database Lockouts 2 | . 1 . . 1 . . . . . . . . . . . . . . . . . . . . . . . . . . . . Manual 199 | . 5 . 4 6 7 13 . . 1 . . 8 1 . 9 14 . . . 1 12 . . . . 2 41 . 21 15 13 26 Terminals 305 | . 13 . 7 25 19 14 1 . . . 1 12 . . 9 14 . . . . 12 . 1 . . 3 67 . 29 28 18 32 Fabricators 18 | . . . . . . . . . . . . . . . . . . . . . 5 . . . . . 3 . . . 10 . Repair Stations 12 | . . . . . . 2 . . . . . . . . . 3 . . . . 3 . . . . . 4 . . . . . Recycling Units 31 | . 2 . . . 12 5 . . . . . . . . . . . . . . . . . . . . . . . . 7 5 Scanalyzers 55 | . . . . . . 3 . . . . 7 . . . . . . . . . . . . . . . 20 . 10 15 . . Garrison Access 15 | . . . . . . 5 . . . . . . . . 1 1 . . . . 2 . . . . . 1 . 3 1 1 . Terminal Hacks 102 | . 6 . 1 15 10 1 2 1 . . 1 3 . . 1 5 1 . 1 . 3 1 2 19 . . 13 . 3 7 3 3 Record 13 | . . . . . . . 1 . . . . . . . . . . . . . . . 1 7 . . 3 . . . . 1 Part Schematic 12 | . . . . 3 4 . . . . . . . . . . . . . . . 1 . . 4 . . . . . . . . Robot Analysis 8 | . 1 . . 1 2 . . . . . . . . . . . . . . . . . . 4 . . . . . . . . Prototype ID Bank 10 | . . . . 2 2 . . . . . . . . . . . . . . . . . . 4 . . 2 . . . . . Open Door 18 | . . . . 5 . . 1 1 . . 1 2 . . . . 1 . 1 . . 1 1 . . . . . . 1 3 . Branch Access Points 4 | . . . 1 1 . 1 . . . . . . . . . 1 . . . . . . . . . . . . . . . . Terminal Index 1 | . . . . . . . . . . . . . . . . . . . . . . . . . . . 1 . . . . . Recycling Unit Index 1 | . . . . . 1 . . . . . . . . . . . . . . . . . . . . . . . . . . . Alert Level 3 | . 1 . . . . . . . . . . . . . . 1 . . . . . . . . . . 1 . . . . . Unreport Threat 12 | . . . . . 1 . . . . . . 1 . . . 3 . . . . 1 . . . . . 3 . 1 2 . . Locate Traps 5 | . 1 . . 1 . . . . . . . . . . . . . . . . . . . . . . 1 . 1 1 . . Reprogram Traps 1 | . . . . . . . . . . . . . . . . . . . . . . . . . . . . . . 1 . . Security Status 1 | . . . . . . . . . . . . . . . . . . . . . . . . . . . 1 . . . . . Transport Status 1 | . . . . . . . . . . . . . . . . . . . . . 1 . . . . . . . . . . . Hauler Manifests 1 | . 1 . . . . . . . . . . . . . . . . . . . . . . . . . . . . . . . Registered Components 1 | . 1 . . . . . . . . . . . . . . . . . . . . . . . . . . . . . . . Registered Prototypes 1 | . . . . . . . . . . . . . . . . . . . . . . . . . . . . . . 1 . . Zone Layout 7 | . 1 . . 2 . . . . . . . . . . 1 . . . . . . . . . . . 1 . 1 1 . . Disengage Seal 2 | . . . . . . . . . . . . . . . . . . . . . . . . . . . . . . . . 2 Fabricator Hacks 3 | . . . . . . . . . . . . . . . . . . . . . 2 . . . . . 1 . . . . . Load Schematic 1 | . . . . . . . . . . . . . . . . . . . . . 1 . . . . . . . . . . . Build 2 | . . . . . . . . . . . . . . . . . . . . . 1 . . . . . 1 . . . . . Repair Station Hacks 7 | . . . . . . 1 . . . . . . . . . 2 . . . . 2 . . . . . 2 . . . . . Scan Component 4 | . . . . . . 1 . . . . . . . . . 1 . . . . 1 . . . . . 1 . . . . . Repair 3 | . . . . . . . . . . . . . . . . 1 . . . . 1 . . . . . 1 . . . . . Recycling Unit Hacks 6 | . 1 . . . 3 1 . . . . . . . . . . . . . . . . . . . . . . . . 1 . Report Inventory 1 | . . . . . . . . . . . . . . . . . . . . . . . . . . . . . . . 1 . Retrieve Components 5 | . 1 . . . 3 1 . . . . . . . . . . . . . . . . . . . . . . . . . . Scanalyzer 29 | . . . . . . . . . . . 6 . . . . . . . . . . . . . . . 10 . 7 6 . . Insert Component 22 | . . . . . . . . . . . 3 . . . . . . . . . . . . . . . 7 . 6 6 . . Analyze 7 | . . . . . . . . . . . 3 . . . . . . . . . . . . . . . 3 . 1 . . . Garrison Access Hacks 5 | . . . . . . . . . . . . . . . 1 1 . . . . 1 . . . . . 1 . . . 1 . Seal Access 5 | . . . . . . . . . . . . . . . 1 1 . . . . 1 . . . . . 1 . . . 1 . Unauthorized Hacks 52 | . 1 . . 1 4 2 . . . . . 1 . . 4 . . . . . 3 . . . . 2 14 . 5 6 3 6 Terminals 39 | . . . . 1 . . . . . . . 1 . . 4 . . . . . 2 . . . . 2 14 . 5 6 . 4 Track 14 | . . . . . . . . . . . . . . . 1 . . . . . 1 . . . . 1 4 . 3 3 . 1 Assimilate 3 | . . . . . . . . . . . . . . . 1 . . . . . . . . . . . 1 . 1 . . . Botnet 14 | . . . . 1 . . . . . . . 1 . . . . . . . . 1 . . . . 1 5 . 1 2 . 2 Disrupt 4 | . . . . . . . . . . . . . . . . . . . . . . . . . . . 2 . . 1 . 1 Operators 2 | . . . . . . . . . . . . . . . . . . . . . . . . . . . 2 . . . . . Sabotage 2 | . . . . . . . . . . . . . . . 2 . . . . . . . . . . . . . . . . . Fabricators 1 | . . . . . . . . . . . . . . . . . . . . . 1 . . . . . . . . . . . Prioritize 1 | . . . . . . . . . . . . . . . . . . . . . 1 . . . . . . . . . . . Repair Stations . | . . . . . . . . . . . . . . . . . . . . . . . . . . . . . . . . . Recycling Units 12 | . 1 . . . 4 2 . . . . . . . . . . . . . . . . . . . . . . . . 3 2 Monitor 3 | . . . . . . 1 . . . . . . . . . . . . . . . . . . . . . . . . 1 1 Reject 3 | . . . . . . 1 . . . . . . . . . . . . . . . . . . . . . . . . 1 1 Mask 1 | . . . . . . . . . . . . . . . . . . . . . . . . . . . . . . . 1 . Tunnel 5 | . 1 . . . 4 . . . . . . . . . . . . . . . . . . . . . . . . . . . Scanalyzers . | . . . . . . . . . . . . . . . . . . . . . . . . . . . . . . . . . Garrison Access . | . . . . . . . . . . . . . . . . . . . . . . . . . . . . . . . . . Data Cores Recovered 5 | . . . 1 . . . . . . . . . . . . . . . . . . . . . . . 2 . . 1 1 . Used 1 | . . . 1 . . . . . . . . . . . . . . . . . . . . . . . . . . . . . Hacking Detections 72 | . 6 . 3 4 9 12 . . . . 1 5 . . . 2 . . . . 3 . . . . 1 9 . 4 6 4 3 Full Trace Events 10 | . . . . 1 4 2 . . . . 1 1 . . . . . . . . 1 . . . . . . . . . . . Feedback Events . | . . . . . . . . . . . . . . . . . . . . . . . . . . . . . . . . . Feedback Blocked . | . . . . . . . . . . . . . . . . . . . . . . . . . . . . . . . . . Robot Schematics Acquired 2 | . . . . . . . . . . . . . . . . . . . . . . . . . . . 2 . . . . . Robots Built . | . . . . . . . . . . . . . . . . . . . . . . . . . . . . . . . . . Authchips . | . . . . . . . . . . . . . . . . . . . . . . . . . . . . . . . . . Time . | . . . . . . . . . . . . . . . . . . . . . . . . . . . . . . . . . Total Robot Build Rating . | . . . . . . . . . . . . . . . . . . . . . . . . . . . . . . . . . Part Schematics Acquired 20 | . . . . 3 4 . . . . . 3 . . . . . . . . . 1 . . 4 . . 4 . 1 . . . Parts Built 3 | . . . . . . . . . . . . . . . . . . . . . 2 . . . . . 1 . . . . . Authchips . | . . . . . . . . . . . . . . . . . . . . . . . . . . . . . . . . . Time 64 | . . . . . . . . . . . . . . . . . . . . . 18 . . . . . 46 . . . . . Total Part Build Rating 15 | . . . . . . . . . . . . . . . . . . . . . 6 . . . . . 9 . . . . . Parts Repaired 3 | . . . . . . . . . . . . . . . . 1 . . . . 1 . . . . . 1 . . . . . Time 199 | . . . . . . . . . . . . . . . . 54 . . . . 108 . . . . . 37 . . . . . Parts Recycled . | . . . . . . . . . . . . . . . . . . . . . . . . . . . . . . . . . Recycled Matter . | . . . . . . . . . . . . . . . . . . . . . . . . . . . . . . . . . Retrieved Matter . | . . . . . . . . . . . . . . . . . . . . . . . . . . . . . . . . . Retrieved Components 8 | . 2 . . . 6 . . . . . . . . . . . . . . . . . . . . . . . . . . . Parts Scanalyzed 8 | . . . . . . . . . . . 3 . . . . . . . . . . . . . . . 4 . 1 . . . Part Schematics Acquired 7 | . . . . . . . . . . . 3 . . . . . . . . . . . . . . . 3 . 1 . . . Parts Damaged 2 | . . . . . . . . . . . . . . . . . . . . . . . . . . . 2 . . . . . Bothacking | -11 -10 -10 -9 -9 -9 -7 -7 -7 -7 -6 -6 -6 -6 -6 -6 -5 -5 -5 -5 -4 -4 -4 -4 -4 -3 -3 -3 -2 -2 -2 -1 -1 ------------ Run | Yrd Mat Min Mat Sto Rec Fac Low Low Zio Pro Fac Ext Cet Arc Hub Fac Upp Upp War Pro Fac Upp Upp Zhi Pro Res Tes Res Qua Sec Acc Com Used RIF Installer . | . . . . . . . . . . . . . . . . . . . . . . . . . . . . . . . . . Robots Hacked 3 | . . . . . . . . . . . . 2 . . . . . . . . . . . . . . . . . . . 1 Non-combat . | . . . . . . . . . . . . . . . . . . . . . . . . . . . . . . . . . Combat 2 | . . . . . . . . . . . . 2 . . . . . . . . . . . . . . . . . . . . Robot Hacks Applied 2 | . . . . . . . . . . . . 2 . . . . . . . . . . . . . . . . . . . . parse_system 2 | . . . . . . . . . . . . 2 . . . . . . . . . . . . . . . . . . . . Manual 1 | . . . . . . . . . . . . . . . . . . . . . . . . . . . . . . . . 1 Relay Couplers Released 3 | . . . . . . . . . . . . . . . . . . . . . . . . . . . . . . 3 . . Programmers 3 | . . . . . . . . . . . . . . . . . . . . . . . . . . . . . . 3 . . Fabnet Peak Effective % . | . . . . . . . . . . . . . . . . . . . . . . . . . . . . . . . . . Robots Rewired 30 | . . . . . . . . . . . . 18 . . . . 2 . 5 . . . 3 . . . 2 . . . . . Allies Hacked 1 | . . . . . . . . . . . . . . . . . . 1 . . . . . . . . . . . . . . Hacks Repelled . | . . . . . . . . . . . . . . . . . . . . . . . . . . . . . . . . . Allies | -11 -10 -10 -9 -9 -9 -7 -7 -7 -7 -6 -6 -6 -6 -6 -6 -5 -5 -5 -5 -4 -4 -4 -4 -4 -3 -3 -3 -2 -2 -2 -1 -1 -------- Run | Yrd Mat Min Mat Sto Rec Fac Low Low Zio Pro Fac Ext Cet Arc Hub Fac Upp Upp War Pro Fac Upp Upp Zhi Pro Res Tes Res Qua Sec Acc Com Total Allies 52 | . . . . 2 . . . . 5 . 1 20 5 . 1 . 2 . 5 . . . 3 . . 3 2 . 2 . . 1 Largest Group 17 | . . . . 2 . . . . 5 5 2 16 17 14 13 . 2 2 7 . . . 3 1 1 3 1 1 2 . . 1 Highest-Rated Group 994 | . . . . 62 . . . . 276 276 127 614 994 848 695 . 58 58 346 . . . 138 38 38 138 147 147 36 . . 26 Highest-Rated Ally 159 | . . . . 31 . . . . 96 96 96 159 159 150 96 . 29 29 68 . . . 46 38 38 46 147 147 26 . . 26 Total Orders 66 | . . . . . . 11 . . . . 2 6 . . 10 . . . 5 . . . . . . . 2 . 14 4 3 9 STAY 9 | . . . . . . . . . . . . 2 . . 3 . . . 1 . . . . . . . . . 1 . . 2 FOLLOW 6 | . . . . . . . . . . . . 3 . . 1 . . . . . . . . . . . . . . . . 2 EXPLORE 13 | . . . . . . 7 . . . . . . . . . . . . 2 . . . . . . . 2 . 2 . . . RETURN 38 | . . . . . . 4 . . . . 2 1 . . 6 . . . 2 . . . . . . . . . 11 4 3 5 Ally Attacks 421 | . . . . 25 . . . . . 41 3 90 40 13 94 . . 15 37 . . . 18 . . 10 34 1 . . . . Total Damage 12613 | . . . . 311 . . . . . 1230 53 1945 1042 343 2653 . . 205 1453 . . . 490 . . 251 2618 19 . . . . Kills 86 | . . . . 5 . . . . . 11 1 13 8 1 21 . . 2 4 . . . 7 . . . 13 . . . . . Allies Corrupted 2 | . . . . 1 . . . . . . . . . . . . . . . . . . . . . . 1 . . . . . Allies Melted . | . . . . . . . . . . . . . . . . . . . . . . . . . . . . . . . . . Intel | -11 -10 -10 -9 -9 -9 -7 -7 -7 -7 -6 -6 -6 -6 -6 -6 -5 -5 -5 -5 -4 -4 -4 -4 -4 -3 -3 -3 -2 -2 -2 -1 -1 ------- Run | Yrd Mat Min Mat Sto Rec Fac Low Low Zio Pro Fac Ext Cet Arc Hub Fac Upp Upp War Pro Fac Upp Upp Zhi Pro Res Tes Res Qua Sec Acc Com Robot Analysis Total 8 | . 1 . . 1 2 . . . . . . . . . . . . . . . . . . 4 . . . . . . . . Derelict Logs Recovered 16 | . . . . . . . 1 3 2 1 . . . . . . 3 . . 2 . 2 2 . . . . . . . . . Drone Launches 43 | . . . . . . 8 . . . . 2 1 . . 6 . . . 1 . . . . . . . 2 . 11 4 3 5 Drone Recoveries 39 | . . . . . . 6 . . . . 2 1 . . 6 . . . 1 . . . . . . . . . 11 4 3 5 Exploration | -11 -10 -10 -9 -9 -9 -7 -7 -7 -7 -6 -6 -6 -6 -6 -6 -5 -5 -5 -5 -4 -4 -4 -4 -4 -3 -3 -3 -2 -2 -2 -1 -1 ------------- Run | Yrd Mat Min Mat Sto Rec Fac Low Low Zio Pro Fac Ext Cet Arc Hub Fac Upp Upp War Pro Fac Upp Upp Zhi Pro Res Tes Res Qua Sec Acc Com Turns Passed 40577 | 68 822 490 544 1298 2134 1832 1324 1936 3842 1274 834 1195 313 1121 447 511 1391 1564 1077 2809 872 2076 1763 303 1114 1513 2204 505 1015 840 1052 494 Spaces Moved 25524 | 49 422 281 214 428 638 1019 974 936 1278 513 341 704 219 269 596 766 1286 1350 465 1330 431 1174 1173 162 785 1443 1232 718 1117 1283 1461 467 Core 7 | 7 . . . . . . . . . . . . . . . . . . . . . . . . . . . . . . . . Treads 12244 | . 101 241 214 428 442 306 . 507 1278 513 259 353 219 269 596 766 1286 1350 465 9 187 444 86 . . 268 720 . . . 761 176 Legs 3229 | 42 321 . . . 26 . . . . . . 48 . . . . . . . 105 . . 996 162 785 225 493 . . . . 26 Wheels 2326 | . . 40 . . 170 713 974 429 . . . . . . . . . . . . . . . . . . . . . . . . Hover 3763 | . . . . . . . . . . . . . . . . . . . . . . . . . . . 19 718 1117 1242 667 . Flight 3881 | . . . . . . . . . . . 82 303 . . . . . . . 1216 244 730 91 . . 950 . . . . . 265 Fastest Speed 36 | 50 120 90 160 240 120 120 126 126 240 240 162 48 48 48 48 48 48 77 192 118 118 125 102 92 126 49 66 42 42 36 42 50 Average Speed 120 | 110 157 150 206 250 308 138 126 187 240 240 209 95 48 48 48 48 75 99 201 139 158 161 104 109 126 92 105 52 42 41 50 69 Slowest Speed 528 | 120 190 160 240 320 528 186 126 240 240 240 320 249 48 48 48 104 134 192 256 237 293 318 159 126 126 219 160 66 43 42 122 108 Overloaded Moves 287 | . . . . . . . . . . . . . . . . . . . . . . . . . . 61 . . . 57 . 169 Propulsion Burnouts . | . . . . . . . . . . . . . . . . . . . . . . . . . . . . . . . . . Robots Hopped 2 | . . . . . . . . . . . . . . . . . . . . . . . . . . 1 . . . . . 1 Cave-ins Triggered . | . . . . . . . . . . . . . . . . . . . . . . . . . . . . . . . . . Teleports 1 | . . . . . . . . . . . . . . . . . . . . . . . . . . . . . 1 . . . Spacefolds 29 | . . . . . . . . . . . . . . . . . . . . . . . . . . . . . . 17 12 . Exploration Rate (%) 65 | 3 60 49 28 80 98 45 94 91 86 53 13 73 76 79 84 19 99 94 78 94 13 95 97 62 89 40 97 25 95 75 44 26 Regions Visited 32 Branch Regions 23 Pre-discovered Areas 14 | . 1 . . . 4 . 1 . 2 1 . . . . . . . . . 1 . 1 . 3 . . . . . . . . Known Exits Taken 21 | . . . 1 1 . 1 . . . 1 1 . . . 1 1 1 1 1 1 1 1 1 1 1 1 1 1 . 1 1 . Unknown Exits Taken 11 | 1 1 1 . . 1 . 1 1 1 . . 1 1 1 . . . . . . . . . . . . . . 1 . . . Scrap Searched 31 | . . 2 . . . . 4 2 4 . . . . . . . 4 3 . 2 . 3 5 . 2 . . . . . . . Spaces Dug 676 | . . . . . . 14 3 19 . 4 6 5 . 2 20 8 15 11 . 44 . 20 . . 58 25 38 57 17 53 227 30 Terrain Destroyed 1966 | . . 6 9 30 . 110 63 22 . 4 51 19 12 23 28 8 63 11 10 170 18 203 65 . 156 34 184 141 25 85 327 89 Melee 56 | . . . . . . 14 . 1 . . 6 5 . . 7 8 2 . . 6 . . . . . 1 6 . . . . . Projectile 699 | . . . . . . 2 9 21 . 4 . 14 12 23 21 . . 11 3 8 . 7 1 . 1 33 105 44 25 85 211 59 AOE 1211 | . . 6 9 30 . 94 54 . . . 45 . . . . . 61 . 7 156 18 196 64 . 155 . 73 97 . . 116 30 Terrain Rammed . | . . . . . . . . . . . . . . . . . . . . . . . . . . . . . . . . . Walls Destroyed . | . . . . . . . . . . . . . . . . . . . . . . . . . . . . . . . . . Machines Disabled . | . . . . . . . . . . . . . . . . . . . . . . . . . . . . . . . . . Actions | -11 -10 -10 -9 -9 -9 -7 -7 -7 -7 -6 -6 -6 -6 -6 -6 -5 -5 -5 -5 -4 -4 -4 -4 -4 -3 -3 -3 -2 -2 -2 -1 -1 --------- Run | Yrd Mat Min Mat Sto Rec Fac Low Low Zio Pro Fac Ext Cet Arc Hub Fac Upp Upp War Pro Fac Upp Upp Zhi Pro Res Tes Res Qua Sec Acc Com Total 33856 | 60 509 316 278 572 743 1289 1041 1085 2056 551 442 1119 399 1247 695 867 1627 1551 589 2220 577 1321 1687 286 872 1584 2032 836 1621 1495 1686 603 Wait 5276 | . 5 . 23 16 16 54 5 83 741 18 37 157 129 947 27 20 210 161 25 799 66 66 420 105 39 20 470 13 369 107 79 49 Move 25444 | 48 421 280 213 427 637 1018 973 935 1277 512 340 703 218 268 596 765 1285 1349 464 1329 430 1173 1172 161 784 1440 1231 717 1116 1258 1439 465 Hop 2 | . . . . . . . . . . . . . . . . . . . . . . . . . . 1 . . . . . 1 Pick Up 476 | 6 15 3 11 26 12 40 13 9 9 2 10 30 11 6 3 19 12 4 20 8 16 9 13 6 1 14 47 27 26 15 19 14 Fast Attach 115 | 6 7 1 3 11 2 5 . 3 5 3 2 1 . 2 2 1 2 2 5 2 1 7 1 3 . 7 8 7 3 4 8 1 Attach 131 | . . 3 3 1 1 19 1 2 3 1 6 2 3 . 2 7 3 . 6 4 8 7 4 1 1 10 7 5 3 7 8 3 Detach 41 | . . . . . . 6 . . 1 . 2 1 . . . 2 1 . 2 2 4 4 2 . 1 6 2 1 . 2 2 . Swap 470 | . 3 6 3 14 . 10 13 11 3 5 15 25 6 . 21 12 15 4 7 13 14 13 16 5 13 21 64 13 37 36 33 19 Drop 512 | . 11 4 3 32 24 29 10 12 16 5 13 28 11 8 1 13 13 11 21 10 14 15 14 5 2 22 47 32 31 11 28 16 Fire 946 | . 45 14 18 41 50 47 26 28 . 4 7 74 13 16 20 16 45 20 6 40 24 27 21 . 17 34 78 21 36 55 68 35 Melee 177 | . . . . 3 . 61 . 1 . . 6 26 . . 11 12 5 . 2 13 . . . . 14 8 15 . . . . . Ram 1 | . . 1 . . . . . . . . . . . . . . . . . . . . . . . . . . . . . . Kick 4 | . 2 . . . . . . . . . . . . . . . . . . . . . . . . 1 1 . . . . . Crush 24 | . . 4 1 1 1 . . . . 1 . 1 . . 4 . 2 . . . . . . . . . 7 . . . 2 . Escape Stasis 19 | . . . . . . . . . . . . 19 . . . . . . . . . . . . . . . . . . . . Rewire 187 | . . . . . . . . . . . . 52 . . . . 34 . 22 . . . 24 . . . 55 . . . . . Trap 9 | . . . . . . . . 1 . . 4 . . . 4 . . . . . . . . . . . . . . . . . Miscellaneous 22 | . . . . . . . . . 1 . . . 8 . 4 . . . 9 . . . . . . . . . . . . . Route ------- -11/Scrapyard -10/Materials -10/Mines (discovered 2 exits: *Mat x2) -9/Materials (discovered 5 exits: [*Mat] / Min x2 / *Sto x2) -9/Storage -9/Recycling -7/Factory (discovered 4 exits: *Fac x2 / *Low x2) -7/Lower Caves -7/Lower Caves (discovered 2 exits: *Fac / *Zio) -7/Zion -6/Proximity Caves -6/Factory (discovered 6 exits: Fac x4 / Low / *Ext) -6/Extension (discovered 2 exits: *Fac / *Cet) -6/Cetus (discovered 2 exits: *Fac / [*Arc]) -6/Archives (discovered 3 exits: *Fac / *Hub x2) -6/Hub_04(d) (discovered 4 exits: *Fac x4) -5/Factory (discovered 2 exits: *Upp x2) -5/Upper Caves -5/Upper Caves (discovered 2 exits: *Fac / *War) -5/Warlord -4/Proximity Caves -4/Factory (discovered 2 exits: *Upp x2) -4/Upper Caves -4/Upper Caves (discovered 2 exits: *Res / *Zhi) -4/Zhirov -3/Proximity Caves -3/Research (discovered 4 exits: *Res x2 / [*Arm] / *Tes) -3/Testing -2/Research (discovered 2 exits: *Acc / *Qua) -2/Quarantine (discovered 2 exits: *Acc / *Sec) -2/Section 7 -1/Access (discovered 2 exits: *Sur / *Com) -1/Command Free Derelict Territories History --------- Turn | Location | Event 28 | -11/Scrapyard | Discovered new exit (range 16) 69 | -11/Scrapyard | Entered Materials 101 | -10/Materials | Central database locked down 168 | -10/Materials | Discovered new exit (range 5) 300 | -10/Materials | Build established: Mutant 419 | -10/Materials | Core integrity fell below 50% 891 | -10/Materials | Entered Mines 901 | -10/Mines | Met a Derelict bent on vengeance 911 | -10/Mines | Found a damaged Exp. Sensor Array with a note attached 914 | -10/Mines | Found Prototype Device 914 | -10/Mines | Identified Exp. Sensor Array 951 | -10/Mines | Discovered new exit (range 7) 1039 | -10/Mines | Discovered new exit (range 5) 1301 | -10/Mines | Assembled infested the area 1345 | -10/Mines | Core integrity fell below 20% 1375 | -10/Mines | Lost 3 parts (1p1u1w) 1381 | -10/Mines | Entered Materials 1381 | -9/Materials | Evolved 2 slots: Propulsion x1, Utility x1 1408 | -9/Materials | Identified exit to Mines 1408 | -9/Materials | Identified exit to Storage 1897 | -9/Materials | Discovered new exit (range 9) 1925 | -9/Materials | Entered Storage 1981 | -9/Storage | Met a pair of Derelict thieves 2068 | -9/Storage | Central database locked down 2804 | -9/Storage | Identified exit to Recycling 3086 | -9/Storage | Used back door to open Recycling access 3223 | -9/Storage | Entered Recycling 3224 | -9/Recycling | Found Scrap Engine 3589 | -9/Recycling | Build established: Construct 4030 | -9/Recycling | Core integrity fell below 50% 4037 | -9/Recycling | Discovered new exit (range 10) 5357 | -9/Recycling | Entered Factory 5357 | -7/Factory | Evolved 4 slots: Propulsion x1, Utility x2, Weapon x1 6109 | -7/Factory | Core integrity fell below 50% 6111 | -7/Factory | Garrison activated, responded to threat 6157 | -7/Factory | Search patrols dispatched 6744 | -7/Factory | Discovered new exit (range 16) 6808 | -7/Factory | Identified exit to Factory 6827 | -7/Factory | Identified exit to Lower Caves 6882 | -7/Factory | Discovered exit to Factory (range 16) 6957 | -7/Factory | First assault squad dispatched 6965 | -7/Factory | Garrison activated, responded to threat 7142 | -7/Factory | Core integrity fell below 20% 7176 | -7/Factory | Lost 3 parts (1p2n) 7189 | -7/Factory | Entered Lower Caves 7388 | -7/Lower Caves | Spotted B-75 Beast 7965 | -7/Lower Caves | Encountered a Warlord checkpoint 7975 | -7/Lower Caves | Discovered new exit (range 8) 8055 | -7/Lower Caves | Build established: Trapper-Construct 8146 | -7/Lower Caves | Learned location of Zion (-7) 8389 | -7/Lower Caves | Build established: Trapper-Gunner 8513 | -7/Lower Caves | Entered another Lower Caves area 8548 | -7/Lower Caves | Discovered exit to Factory (range 7) 8562 | -7/Lower Caves | Learned 4 Factory zone layouts 8757 | -7/Lower Caves | Build established: Trapper-Mutant 9016 | -7/Lower Caves | Encountered a Warlord checkpoint 9025 | -7/Lower Caves | Learned Factory terminal intel 9133 | -7/Lower Caves | Spotted B-75 Beast 9177 | -7/Lower Caves | Destroyed B-75 Beast 9201 | -7/Lower Caves | Lost 3 allies 9315 | -7/Lower Caves | Build established: Trapper-Gunner 9902 | -7/Lower Caves | Discovered new exit (range 6) 10212 | -7/Lower Caves | Learned 4 Factory zone layouts 10449 | -7/Lower Caves | Entered Zion 10684 | -7/Zion | Learned location of 1 exit from Proximity Caves 10727 | -7/Zion | Discovered new exit (range 12) 10763 | -7/Zion | Build established: Trapper-Mutant 10818 | -7/Zion | System corruption cleaned by Quarantine Array 10967 | -7/Zion | Visited the Megawrench Repair Shop 11101 | -7/Zion | Learned location of Warlord (-5) 11290 | -7/Zion | Given the Hacking Drone Bay 11297 | -7/Zion | Found Prototype Device 11395 | -7/Zion | Identified Hacking Drone Bay 11604 | -7/Zion | Given A8's code to call for help 11849 | -7/Zion | Gained Derelict followers 11878 | -7/Zion | Learned Factory emergency access door positions 12111 | -7/Zion | Enhanced Grunt warped into view, answering call for help 12129 | -7/Zion | Enhanced Grunt warped into view, answering call for help 12892 | -7/Zion | Megawrench repaired 10 parts 13110 | -7/Zion | Build established: Trapper-Skirmisher 13874 | -7/Zion | Build established: Trapper-Construct 14291 | -7/Zion | Entered Proximity Caves 14291 | -6/Proximity Caves | Accompanied by 5 allies 14293 | -6/Proximity Caves | Spotter reported a threat 14366 | -6/Proximity Caves | Found Prototype Device 14366 | -6/Proximity Caves | Identified Exp. Thermal Shield 15565 | -6/Proximity Caves | Entered Factory 15565 | -6/Factory | Accompanied by 2 allies 15565 | -6/Factory | Evolved 2 slots: Propulsion x1, Weapon x1 15566 | -6/Factory | Identified exit to Lower Caves 15567 | -6/Factory | Identified exit to Factory 15569 | -6/Factory | Loaded intel: 27 terminal locations 16181 | -6/Factory | Build established: Construct 16232 | -6/Factory | Discovered new exit (range 6) 16397 | -6/Factory | Identified exit to Extension 16399 | -6/Factory | Entered Extension 16399 | -6/Extension | Accompanied by 1 ally 16969 | -6/Extension | Build established: Commander-Construct 16981 | -6/Extension | Rescued a captive Derelict 17019 | -6/Extension | Spotted B-75 Beast 17034 | -6/Extension | Spotted B-75 Beast 17050 | -6/Extension | Allies destroyed B-75 Beast 17058 | -6/Extension | Allies destroyed B-75 Beast 17080 | -6/Extension | Lost 3 allies 17194 | -6/Extension | Rescued A7 17472 | -6/Extension | Discovered exit to Factory (range 10) 17472 | -6/Extension | Discovered new exit (range 6) 17594 | -6/Extension | Entered Cetus 17594 | -6/Cetus | Accompanied by 15 allies (A7) 17599 | -6/Cetus | Acquired a Cetus Manufacturing Module code from A7 17601 | -6/Cetus | Spotted Cetus Guard 17602 | -6/Cetus | Spotted Cetus Guard 17602 | -6/Cetus | Spotted Cetus Guard 17604 | -6/Cetus | Spotted Cetus Guard 17608 | -6/Cetus | Destroyed Cetus Guard 17613 | -6/Cetus | Allies destroyed Cetus Guard 17615 | -6/Cetus | Destroyed Cetus Guard 17618 | -6/Cetus | Allies destroyed Cetus Guard 17647 | -6/Cetus | Started Cetus Manufacturing Module 17651 | -6/Cetus | Lost 3 allies 17672 | -6/Cetus | Manufactured an Enhanced Grunt 17676 | -6/Cetus | Escorted A7 to Cetus Mainframe 17697 | -6/Cetus | Manufactured an Enhanced Grunt 17722 | -6/Cetus | Manufactured an Enhanced Grunt 17747 | -6/Cetus | Manufactured an Enhanced Grunt 17772 | -6/Cetus | Manufactured an Enhanced Grunt 17787 | -6/Cetus | Discovered new exit (range 15) 17819 | -6/Cetus | Spotted Cetus Guard 17820 | -6/Cetus | Spotted Cetus Guard 17820 | -6/Cetus | Spotted Cetus Guard 17821 | -6/Cetus | Spotted Cetus Guard 17822 | -6/Cetus | Discovered exit to Factory (range 15) 17831 | -6/Cetus | Allies destroyed Cetus Guard 17834 | -6/Cetus | Destroyed Cetus Guard 17836 | -6/Cetus | Destroyed Cetus Guard 17840 | -6/Cetus | Met Revision 17 17907 | -6/Cetus | Entered Archives 17907 | -6/Archives | Accompanied by 15 allies (A7) 17912 | -6/Archives | Received a hacking code to weaken MAIN.C 17932 | -6/Archives | Discovered new exit (range 15) 17938 | -6/Archives | Discovered exit to Factory (range 16) 18225 | -6/Archives | Discovered new exit (range 16) 19028 | -6/Archives | Entered Hub_04(d) 19028 | -6/Hub_04(d) | Accompanied by 13 allies 19076 | -6/Hub_04(d) | Garrison activated, responded to threat 19116 | -6/Hub_04(d) | Discovered exit to Factory (range 15) 19181 | -6/Hub_04(d) | Lost 4 allies 19310 | -6/Hub_04(d) | Core integrity fell below 50% 19356 | -6/Hub_04(d) | Network Hub disabled 19361 | -6/Hub_04(d) | Spotted Lightning 19361 | -6/Hub_04(d) | Spotted Lightning 19373 | -6/Hub_04(d) | Spotted Lightning 19378 | -6/Hub_04(d) | First assault squad dispatched 19394 | -6/Hub_04(d) | Spotted Lightning 19394 | -6/Hub_04(d) | Spotted Lightning 19394 | -6/Hub_04(d) | Spotted Lightning 19395 | -6/Hub_04(d) | Spotted B-75 Beast 19400 | -6/Hub_04(d) | Network Hub disabled 19433 | -6/Hub_04(d) | Lost 5 parts (1n1u3w) 19457 | -6/Hub_04(d) | Network Hub disabled 19472 | -6/Hub_04(d) | Network Hub disabled 19475 | -6/Hub_04(d) | Entered Factory 19475 | -5/Factory | Evolved 2 slots: Propulsion x1, Utility x1 19611 | -5/Factory | Build established: Construct 19651 | -5/Factory | Identified exit to Upper Caves 19769 | -5/Factory | Repaired Centrium Medium Armor Plating 19986 | -5/Factory | Entered Upper Caves 20577 | -5/Upper Caves | Learned location of 1 exit from Factory 20606 | -5/Upper Caves | Identified exit to Upper Caves 21085 | -5/Upper Caves | Learned location of 1 exit from Proximity Caves 21377 | -5/Upper Caves | Entered another Upper Caves area 21377 | -5/Upper Caves | Accompanied by 2 allies 21452 | -5/Upper Caves | Discovered new exit (range 5) 21459 | -5/Upper Caves | Identified exit to Factory 22042 | -5/Upper Caves | Discovered new exit (range 10) 22052 | -5/Upper Caves | Identified exit to Warlord 22941 | -5/Upper Caves | Entered Warlord 22941 | -5/Warlord | Accompanied by 2 allies 23159 | -5/Warlord | Met Warlord 23177 | -5/Warlord | Warlord's base attacked by MAIN.C 23195 | -5/Warlord | Found Prototype Device 23198 | -5/Warlord | Found Prototype Processor 23204 | -5/Warlord | Found Prototype Hackware 23225 | -5/Warlord | Found Prototype Device 23235 | -5/Warlord | Found Prototype Reactor 23305 | -5/Warlord | Identified Exp. Cloaking Device 23309 | -5/Warlord | Identified Vortex Chain Reactor 23314 | -5/Warlord | Identified Ghost Barrier 23353 | -5/Warlord | Identified Thermal Barrier 23353 | -5/Warlord | Found Prototype Energy Gun 23356 | -5/Warlord | Found Prototype Energy Gun 23362 | -5/Warlord | Found Prototype Piercing Weapon 23365 | -5/Warlord | Found Prototype Piercing Weapon 23369 | -5/Warlord | Found Prototype Energy Gun 23372 | -5/Warlord | Found Prototype Energy Gun 23376 | -5/Warlord | Found Prototype Launcher 23387 | -5/Warlord | Identified Vortex Shotgun (x2) 23423 | -5/Warlord | Build established: Commander-Construct 23490 | -5/Warlord | Identified Vortex Rail (x2) 23500 | -5/Warlord | Identified Vortex Catalyst Activator 23527 | -5/Warlord | Warlord forces counterattacked 23536 | -5/Warlord | Spotted B-86 Titan 23536 | -5/Warlord | Spotted B-75 Beast 23560 | -5/Warlord | Spotted Executioner 23598 | -5/Warlord | Found Corrupted Prototype Processor 23599 | -5/Warlord | Spotted Executioner 23600 | -5/Warlord | Lost 7 allies 23600 | -5/Warlord | P-80 Master assimilated allied S5-8NP(g) 23621 | -5/Warlord | Spotted Striker 23664 | -5/Warlord | Identified Exp. Targeting Computer 23666 | -5/Warlord | Identified Exp. Armor Integrity Analyzer 23669 | -5/Warlord | Identified Vortex Lance (x2) 23682 | -5/Warlord | Lost 12 allies 23688 | -5/Warlord | Spotted Executioner 23736 | -5/Warlord | Lost 7 allies 23852 | -5/Warlord | Warlord base infiltrated, sounded retreat 23980 | -5/Warlord | Spotted Executioner 23981 | -5/Warlord | Discovered new exit (range 12) 23981 | -5/Warlord | Spotted Executioner 24004 | -5/Warlord | Identified exit to Proximity Caves 24018 | -5/Warlord | Entered Proximity Caves 24031 | -4/Proximity Caves | Lost 3 allies 24091 | -4/Proximity Caves | Build established: Construct 24987 | -4/Proximity Caves | Acquired the password to a Derelict Tinkerer's latest research 25001 | -4/Proximity Caves | Found Prototype Special Weapon 25098 | -4/Proximity Caves | Caught by Unaware searching for contraband prototypes 25134 | -4/Proximity Caves | Destroyed 10 combat bots 25359 | -4/Proximity Caves | Attracted the attention of an 0b10 checkpoint 25607 | -4/Proximity Caves | Identified Molecular Deconstructor 25905 | -4/Proximity Caves | Learned location of Quarantine (-2) 26335 | -4/Proximity Caves | Learned Research terminal intel 26827 | -4/Proximity Caves | Entered Factory 26827 | -4/Factory | Evolved 2 slots: Power x1, Utility x1 26828 | -4/Factory | Identified exit to Upper Caves 26862 | -4/Factory | Discovered exit to Upper Caves (range 5) 27275 | -4/Factory | Repaired Centrium Medium Armor Plating 27640 | -4/Factory | Fabricated Arm. Treads (x2) 27699 | -4/Factory | Entered Upper Caves 28844 | -4/Upper Caves | Discovered new exit (range 10) 28848 | -4/Upper Caves | Learned location of Testing (-3) 29019 | -4/Upper Caves | Identified exit to Upper Caves 29775 | -4/Upper Caves | Entered another Upper Caves area 29847 | -4/Upper Caves | Attracted the attention of an 0b10 checkpoint 29982 | -4/Upper Caves | Discovered new exit (range 8) 29993 | -4/Upper Caves | Identified exit to Research 30114 | -4/Upper Caves | Attacked by a delusional Derelict stockpiling Unaware 30888 | -4/Upper Caves | Encountered a Warlord checkpoint 31236 | -4/Upper Caves | Discovered new exit (range 6) 31312 | -4/Upper Caves | Identified exit to Zhirov 31335 | -4/Upper Caves | Learned Research garrison access intel 31538 | -4/Upper Caves | Entered Zhirov 31538 | -4/Zhirov | Accompanied by 1 ally 31538 | -4/Zhirov | Discovered new exit (range 3) 31557 | -4/Zhirov | Met Zhirov 31575 | -4/Zhirov | Learned location of Command (-1) 31596 | -4/Zhirov | Zhirov requested help retrieving the SGEMP Prototype 31611 | -4/Zhirov | Found Alien Artifact 31611 | -4/Zhirov | Identified Integrated Dissipator 31611 | -4/Zhirov | Installed Integrated Dissipator, increased core heat dissipation (+20) 31629 | -4/Zhirov | Found Alien Artifact 31834 | -4/Zhirov | Identified exit to Proximity Caves 31841 | -4/Zhirov | Entered Proximity Caves 31841 | -3/Proximity Caves | Accompanied by 1 ally 32630 | -3/Proximity Caves | Discovered exit to Research (range 5) 32955 | -3/Proximity Caves | Entered Research 32955 | -3/Research | Evolved 2 slots: Utility x1, Weapon x1 32956 | -3/Research | Identified exit to Testing 32957 | -3/Research | Loaded intel: 20 terminal locations 32958 | -3/Research | Loaded intel: 3 garrison access locations 32982 | -3/Research | Discovered new exit (range 8) 33009 | -3/Research | Spotted B-86 Titan 33037 | -3/Research | Identified exit to Research 33155 | -3/Research | Revision forces began assault on 0b10 33195 | -3/Research | Met up with Revision 17++ 33343 | -3/Research | Lost 4 allies 33541 | -3/Research | Found Quantum Capacitor 33655 | -3/Research | Research terminal network offline 33727 | -3/Research | Discovered exit to Research (range 16) 34030 | -3/Research | Found Prototype Device 34094 | -3/Research | Spotted Striker 34100 | -3/Research | Spotted Striker 34111 | -3/Research | Discovered new exit (range 15) 34203 | -3/Research | Identified Adv. Kinecellerator 34418 | -3/Research | Spotted Striker 34430 | -3/Research | Destroyed Striker 34432 | -3/Research | Spotted Executioner 34468 | -3/Research | Entered Testing 34562 | -3/Testing | Found Prototype Energy Cannon 34570 | -3/Testing | Identified Null Cannon 34576 | -3/Testing | Spotted PL-4VGMDCUIHU 34601 | -3/Testing | Rewired PL-4VGMDCUIHU 34746 | -3/Testing | Discovered exit to Research (range 5) 34757 | -3/Testing | Identified Transdimensional Reconstructor 34774 | -3/Testing | Fabricated Biometal Heavy Treads? 34801 | -3/Testing | Repaired Broken Prc. Matter Filter? 35301 | -3/Testing | Spotted Striker 35312 | -3/Testing | Destroyed Striker 35347 | -3/Testing | Spotted Striker 35352 | -3/Testing | Spotted Alpha 7 35379 | -3/Testing | Destroyed Striker 35398 | -3/Testing | Destroyed Alpha 7 35410 | -3/Testing | Found Prototype Device 35422 | -3/Testing | Lost 3 parts (2u1w) 35447 | -3/Testing | Identified Exp. ECM Suite 35727 | -3/Testing | Spotted PY-DGBEMW2K38 35772 | -3/Testing | Rewired PY-DGBEMW2K38 36343 | -3/Testing | Found Corrupted Prototype Processor 36354 | -3/Testing | Identified Exp. Core Analyzer 36671 | -3/Testing | System corruption reached 10% 36672 | -3/Testing | Entered Research 36672 | -2/Research | Accompanied by 1 ally 36672 | -2/Research | Warlord forces began assault on 0b10 36672 | -2/Research | Evolved 2 slots: Propulsion x1, Utility x1 36673 | -2/Research | Identified exit to Quarantine 36683 | -2/Research | Found Prototype Processor 36718 | -2/Research | Identified Spectral Analyzer 36782 | -2/Research | Research machine network offline 36867 | -2/Research | Discovered new exit (range 12) 36904 | -2/Research | Identified exit to Access 36971 | -2/Research | Found Prototype Launcher 36972 | -2/Research | Identified Com. Tesla Bomb Launcher 36996 | -2/Research | Met up with Warlord 36999 | -2/Research | Borebot progress halted 37001 | -2/Research | Build established: Scavenger-Construct 37036 | -2/Research | Lost 4 allies 37050 | -2/Research | Borebot progress halted 37077 | -2/Research | Spotted B-90 Cyclops 37081 | -2/Research | Destroyed B-90 Cyclops 37094 | -2/Research | Spotted B-90 Cyclops 37102 | -2/Research | Destroyed B-90 Cyclops 37177 | -2/Research | Entered Quarantine 37229 | -2/Quarantine | Found Alien Artifact 37386 | -2/Quarantine | Discovered exit to Access (range 10) 37562 | -2/Quarantine | Found Alien Artifact 37679 | -2/Quarantine | Found Alien Artifact 37680 | -2/Quarantine | Identified Dimensional Node Initializer 37680 | -2/Quarantine | Initialized slip node 37686 | -2/Quarantine | Found Alien Artifact 37686 | -2/Quarantine | Identified Hpw. Transdimensional Reconstructor 37686 | -2/Quarantine | Warped through subspace to slip node 37690 | -2/Quarantine | Found Dimensional Node Initializer 37694 | -2/Quarantine | Found Transdimensional Reconstructor 37697 | -2/Quarantine | Found Hpw. Transdimensional Reconstructor 37699 | -2/Quarantine | Found Hpw. Transdimensional Reconstructor 37716 | -2/Quarantine | Spotted Alpha 7 37819 | -2/Quarantine | Found Alien Artifact 37832 | -2/Quarantine | Found Alien Artifact 37863 | -2/Quarantine | Found Alien Impact Weapon 37871 | -2/Quarantine | Identified Core Reset Matrix 37871 | -2/Quarantine | Identified Terrabomb 37871 | -2/Quarantine | Identified Subatomic Replicator 37871 | -2/Quarantine | Identified Phase Armor 37871 | -2/Quarantine | Identified Core Stripper 37892 | -2/Quarantine | Build established: Construct 37946 | -2/Quarantine | Spotted Fortress 37987 | -2/Quarantine | Discovered new exit (range 5) 38192 | -2/Quarantine | Entered Section 7 38210 | -2/Section 7 | Spotted S7 Guard 38226 | -2/Section 7 | Found Alien Artifact 38294 | -2/Section 7 | Spotted B-90 Cyclops 38300 | -2/Section 7 | Initialized slip node 38321 | -2/Section 7 | Identified Core Physics Calibrator 38544 | -2/Section 7 | Found Alien Artifact 38574 | -2/Section 7 | Found Alien Artifact 38637 | -2/Section 7 | Found Alien Artifact 38657 | -2/Section 7 | Identified Spacefold Activator 38657 | -2/Section 7 | Identified Integrated Mediator (x2) 38657 | -2/Section 7 | Installed Integrated Mediator, increased core attachment efficiency 38659 | -2/Section 7 | Installed Integrated Mediator, increased core attachment efficiency 38677 | -2/Section 7 | Found Alien Artifact 38726 | -2/Section 7 | Identified Integrity Redistributor 38755 | -2/Section 7 | Spotted Alpha 7 38761 | -2/Section 7 | Spotted S7 Guard 38767 | -2/Section 7 | Spotted Alpha 7 38770 | -2/Section 7 | Found Alien Artifact 38780 | -2/Section 7 | Spotted B-99 Colossus 38809 | -2/Section 7 | Used Subatomic Replicator to replicate Alien Artifact 38811 | -2/Section 7 | Found Alien Artifact 38811 | -2/Section 7 | Identified LRC Armor 38811 | -2/Section 7 | Installed LRC Armor, increased core integrity (+250) 38813 | -2/Section 7 | Installed LRC Armor, increased core integrity (+250) 38816 | -2/Section 7 | Found Alien Artifact 38816 | -2/Section 7 | Identified LRC Insulator 38816 | -2/Section 7 | Installed LRC Insulator, gained EM resistance (25) 38818 | -2/Section 7 | Found Alien Artifact 38818 | -2/Section 7 | Identified LRC Energy Well 38818 | -2/Section 7 | Installed LRC Energy Well, increased energy storage capacity (+250) 38838 | -2/Section 7 | Found Alien Artifact 38900 | -2/Section 7 | Spotted Executioner 38900 | -2/Section 7 | Spotted Executioner 38942 | -2/Section 7 | First assault squad dispatched 39012 | -2/Section 7 | Identified Core Regenerator 39012 | -2/Section 7 | Identified Integrated Reactor 39024 | -2/Section 7 | Installed Integrated Reactor, increased core energy generation (+10) 39032 | -2/Section 7 | Entered Access 39032 | -1/Access | Evolved 2 slots (calibrated): Power x1, -Propulsion x1, Utility x2 39384 | -1/Access | Build established: Hacker-Construct 39532 | -1/Access | First assault squad dispatched 39776 | -1/Access | Spotted B-99 Colossus 39800 | -1/Access | Discovered new exit (range 14) 39820 | -1/Access | Identified exit to Command 39821 | -1/Access | Identified exit to Surface 39958 | -1/Access | Found Quantum Capacitor 40043 | -1/Access | Used Core Regenerator, restored core integrity (+525) 40084 | -1/Access | Entered Command 40223 | -1/Command | Destroyed 11 combat bots 40300 | -1/Command | Disengaged cave seal 40300 | -1/Command | Derelicts emerged from the dark tunnel 40300 | -1/Command | Welcomed Warlord to Command 40376 | -1/Command | First assault squad dispatched 40456 | -1/Command | Disengaged cave seal 40456 | -1/Command | Derelicts emerged from the dark tunnel 40467 | -1/Command | Spotted M Guard 40467 | -1/Command | Spotted M Guard 40468 | -1/Command | Lost 6 allies 40468 | -1/Command | Spotted Combat Programmer 40468 | -1/Command | Spotted Combat Programmer 40472 | -1/Command | Destroyed Combat Programmer 40480 | -1/Command | Destroyed Combat Programmer 40490 | -1/Command | Warlord commented on Warlord statues 40496 | -1/Command | All MAIN.C guards destroyed 40498 | -1/Command | Found Prototype Device 40499 | -1/Command | Identified AEGIS Remote Shield 40505 | -1/Command | Found Prototype Energy Cannon 40514 | -1/Command | Identified Cld. Nova Cannon 40536 | -1/Command | Met MAIN.C 40536 | -1/Command | Hacked MAIN.C using A7's code 40555 | -1/Command | 0b10 Conduit disabled 40559 | -1/Command | Destroyed MAIN.C Shell 40561 | -1/Command | MAIN.C activated Command garrisons 40576 | -1/Command | Destroyed MAIN.C 40578 | *** | Establishing Free Derelict Territories! Last Messages --------------- 40572_ MAIN.C reaction time slowed by virus. 40572_ Acquired 56 matter. 40572_ HV Slug penetrates 9Z-SN5(h). 40572_ 9Z-SN5(h) suffers critical hit (Destroy). 40573_ 1D-CQU(h) knocked back. 40573_ MAIN.C knocked back. 40576_ MAIN.C reaction time slowed by virus. 40576_ Vortex penetrates MAIN.C. 40576_ Vortex penetrates 0b10 Conduit. 40576_ Vortex penetrates MAIN.C. 40576_ MAIN.C: "I hope you know you're still going to DIE HERE WITH ME!" Heavy Barrier opened. 40576_ MAIN.C destroyed. 40576_ Vortex penetrates 0b10 Conduit. ZY-L1N: Victory! Sure there's still lots to do, but without MAIN.C at the helm 0b10 doesn't stand a chance. We've got this... Map ----- +----------------------------------------------------+ | ?????????????????????????????????????????????????? | | ?????????????????????????????????????????????????? | | ?????????????????????????????????????????????????? | | ?????????????????????????????????????????????????? | | ?????????????????????????????????????????????????? | | ?????????????????????????????????????????????????? | | ?????????????????????????????????????????????????? | | ?????????????????????????????????????????????????? | | ?????????????????????????????????????????????????? | | ?????????????????????????????????????????????????? | | ?????????????????????????????????????????????????? | | ?????????????????????????????????????????????????? | | ?????????????????????????????????????????????????? | | ?????????????????????################????????????? | | ???????????????????""" """" #????????????? | | ??????????????????? "" #????????????? | | ???????????????????" "" ############## | | ??????????????????"""""""" gg ; | | ?????????????????? " """ = / | | ???????????????"" """""" ggh/ % | | ??????????????#"" """""" =h ############## | | ??????????????# " """""" gh #????????????? | | ??????????????# " " hW % #????????????? | | ??????????????# " % ""#????????????? | | ???????????????"""""""" """"#????????????? | | ??????????????#"" @LL" """"""#????????????? | | ??????????????# % "" """""#????????????? | | ??????????????# $ " "??????????????? | | ??????????????# " "??????????????? | | ???????????? " """ " ?????????????? | | ???????????? """ """ #????????????? | | ???????????? " "? #????????????? | | ????????????### """"""" " " ? #????????????? | | ??????????????# " ?"" """""""?#????????????? | | ??????????????# ????" " " ???????????????? | | ??????????????##??????###########????????????????? | | ?????????????????????????????????????????????????? | | ?????????????????????????????????????????????????? | | ?????????????????????????????????????????????????? | | ?????????????????????????????????????????????????? | | ?????????????????????????????????????????????????? | | ?????????????????????????????????????????????????? | | ?????????????????????????????????????????????????? | | ?????????????????????????????????????????????????? | | ?????????????????????????????????????????????????? | | ?????????????????????????????????????????????????? | | ?????????????????????????????????????????????????? | | ?????????????????????????????????????????????????? | | ?????????????????????????????????????????????????? | | ?????????????????????????????????????????????????? | +----------------------------------------------------+ Best States ------------- Heat Dissipation 93 Coolant Potential 120 Energy Generation 90 Energy Capacity 1082 Matter Stores 300 Matter Capacity 300 Sight Range 22 Robot Scan Range 16 Terrain Scan Range 20 Terrain Scan Density 210 ECM Strength 5 Cloak Strength 4 Base Temperature (-) 200 EM Shielding 4 Corruption Containment 12 Armor Coverage 600 Resistance: EM 25 Propulsion Shielding 33 Evasion (%) 68 Targeting Accuracy 32 Melee Accuracy 8 Core Analysis 8 Armor Integrity Analysis 50 Recoil Reduction 6 Matter Filtering 50 Offensive Hacking 24 Defensive Hacking 30 Trap Extractor Capacity 8 Item Schematics ----------------- Flak Cannon | -9/Storage | Hacked Imp. Titanium Leg | -9/Storage | Hacked Terrain Scan Processor | -9/Storage | Hacked Mni. Grenade Launcher | -9/Recycling | Hacked Field Recycling Unit | -9/Recycling | Hacked Autogun | -9/Recycling | Hacked Rnf. Deuterium Engine | -9/Recycling | Hacked Arm. Treads | -6/Factory | Scanalyzed Mak. Hacking Suite | -6/Factory | Scanalyzed Adv. Targeting Computer | -6/Factory | Scanalyzed Weapon Mount | -4/Factory | Hacked Assault Drone Bay | -4/Zhirov | Free Exp. Heat Sink | -4/Zhirov | Free Exp. Optical Array | -4/Zhirov | Free Imp. Arc Thrower | -4/Zhirov | Free Adv. Terrain Scanner | -3/Testing | Scanalyzed Quantum Capacitor | -3/Testing | Scanalyzed Neutron Missile Launcher | -3/Testing | Scanalyzed Stealth Drone Bay | -3/Testing | Archive Adv. System Restoration Module | -2/Quarantine | Scanalyzed Robot Schematics ------------------ K-01 Serf | -3/Testing | Archive T-07 Excavator | -3/Testing | Archive Fabricated ------------ Arm. Treads | x2 | -4/Factory Biometal Heavy Treads | x1 | -3/Testing | Preloaded Alien Tech Used ----------------- Integrated Dissipator Dimensional Node Initializer High-powered Transdimensional Reconstructor Integrated Mediator Spacefold Activator Subatomic Replicator LRC Armor LRC Insulator LRC Energy Well Integrated Reactor Core Physics Calibrator Phase Armor Core Regenerator Achievements -------------- None Challenges ------------ None Game ------ Seed LegDeuteriumBiocell Manual? 0 Play Time 09:42:33 Cumulative 456.8 hours Start 2024.05.21 @ 00:07:14 End 2024.05.23 @ 04:30:40 Sessions 7 Manual Loads 0 Difficulty Rogue Special Mode None Game No. 111 Rogue 111 Adventurer 0 Explorer 0 Win Type 7 Total 26 Types 9/3/7/1/1/1/2/1/1 Lore% 70 Gallery% 86 Achievement% 75 Wizard Run 0 Options --------- Layout 1 ASCII 0 Keyboard 0 Movement Mouse Keybinds 0 Fullscreen 1 Font 24/Smallcaps Map View 25x17 Zoom Use 7% Tactical HUD 1 Map Filters NONE Filters NONE Steam 1 RUN: 6e2e6601-eb77-4e27-9cf5-ed1626b03f65